Workbook
Name activity: 'Перечень тарифов'!$F$20:$F$25
Name add_CS_List05_10: 'Форма 1.0.1 | Т-подкл'!$G$17
Name add_CS_List05_2: 'Форма 1.0.1 | Т-транс'!$G$17
Name add_CS_List05_9: 'Форма 1.0.1 | Т-подкл(инд)'!$G$17
Name add_CT_10: 'Форма 1.11.3 | Т-подкл'!$M$28
Name add_CT_2: 'Форма 1.11.2 | Т-транс'!$M$28
Name add_CT_9: 'Форма 1.11.3 | Т-подкл(инд)'!$M$28
Name add_MO_10: 'Форма 1.11.3 | Т-подкл'!$M$29
Name add_MO_2: 'Форма 1.11.2 | Т-транс'!$M$29
Name add_MO_9: 'Форма 1.11.3 | Т-подкл(инд)'!$M$29
Name add_MO_List05_10: 'Форма 1.0.1 | Т-подкл'!$G$14
Name add_MO_List05_2: 'Форма 1.0.1 | Т-транс'!$G$14
Name add_MO_List05_9: 'Форма 1.0.1 | Т-подкл(инд)'!$G$14
Name add_MR_List05_10: 'Форма 1.0.1 | Т-подкл'!$G$15
Name add_MR_List05_2: 'Форма 1.0.1 | Т-транс'!$G$15
Name add_MR_List05_9: 'Форма 1.0.1 | Т-подкл(инд)'!$G$15
Name add_POST_5: 'Форма 1.11.2 | Т-гор.вода'!$M$25
Name add_Rate_10: 'Форма 1.11.3 | Т-подкл'!$M$30
Name add_Rate_2: 'Форма 1.11.2 | Т-транс'!$M$30
Name add_Rate_9: 'Форма 1.11.3 | Т-подкл(инд)'!$M$30
Name add_TER_List05_10: 'Форма 1.0.1 | Т-подкл'!$G$16
Name add_TER_List05_2: 'Форма 1.0.1 | Т-транс'!$G$16
Name add_TER_List05_9: 'Форма 1.0.1 | Т-подкл(инд)'!$G$16
Name add_Warm_2: 'Форма 1.11.2 | Т-транс'!$M$27
Name add_Warm_5: 'Форма 1.11.2 | Т-гор.вода'!$M$28
Name apr_10: 'Форма 1.11.3 | Т-подкл'!$AC$7:$AI$12
Name apr_2: 'Форма 1.11.2 | Т-транс'!$O$8:$T$11
Name apr_9: 'Форма 1.11.3 | Т-подкл(инд)'!$AD$7:$AJ$12
Name CHECK_LINK_RANGE_1: "Калькуляция!$I$11:$I$132"
Name checkCell_List01: Территории!$D$15:$L$15
Name checkCell_List02: 'Перечень тарифов'!$E$20:$S$25
Name checkCell_List06_10: 'Форма 1.11.3 | Т-подкл'!$M$19:$AL$30
Name checkCell_List06_10_double_date: 'Форма 1.11.3 | Т-подкл'!$AM$19:$AM$30
Name checkCell_List06_10_plata1: 'Форма 1.11.3 | Т-подкл'!$AC$15:$AD$30
Name checkCell_List06_10_plata2: 'Форма 1.11.3 | Т-подкл'!$AE$15:$AF$30
Name checkCell_List06_10_unique: 'Форма 1.11.3 | Т-подкл'!$AN$19:$AN$30
Name checkCell_List06_2: 'Форма 1.11.2 | Т-транс'!$M$18:$W$30
Name checkCell_List06_2_double_date: 'Форма 1.11.2 | Т-транс'!$X$18:$X$30
Name checkCell_List06_2_unique_t: 'Форма 1.11.2 | Т-транс'!$M$18:$M$30
Name checkCell_List06_2_unique_t1: 'Форма 1.11.2 | Т-транс'!$Y$18:$Y$30
Name checkCell_List06_5: 'Форма 1.11.2 | Т-гор.вода'!$M$18:$EZ$28
Name checkCell_List06_5_double_date: 'Форма 1.11.2 | Т-гор.вода'!$FA$18:$FA$28
Name checkCell_List06_5_OneR: 'Форма 1.11.2 | Т-гор.вода'!$P$15:$R$28
Name checkCell_List06_5_OneR_1c: 'Форма 1.11.2 | Т-гор.вода'!$P$15:$P$28
Name checkCell_List06_5_OneR_2c: 'Форма 1.11.2 | Т-гор.вода'!$Q$15:$R$28
Name checkCell_List06_5_TwoR: 'Форма 1.11.2 | Т-гор.вода'!$S$15:$W$28
Name checkCell_List06_5_TwoR_1c: 'Форма 1.11.2 | Т-гор.вода'!$S$15:$T$28
Name checkCell_List06_5_TwoR_2c: 'Форма 1.11.2 | Т-гор.вода'!$U$15:$W$28
Name checkCell_List06_5_unique_t: 'Форма 1.11.2 | Т-гор.вода'!$M$18:$M$28
Name checkCell_List06_5_unique_t1: 'Форма 1.11.2 | Т-гор.вода'!$FB$18:$FB$28
Name checkCell_List06_9: 'Форма 1.11.3 | Т-подкл(инд)'!$M$19:$AM$30
Name checkCell_List06_9_double_date: 'Форма 1.11.3 | Т-подкл(инд)'!$AN$19:$AN$30
Name checkCell_List06_9_unique: 'Форма 1.11.3 | Т-подкл(инд)'!$AO$19:$AO$30
Name checkCell_List07: 'Сведения об изменении'!$D$11:$E$13
Name checkCell_List13: 'Форма 1.10'!$D$10:$H$14
Name checkCells_List05_10: 'Форма 1.0.1 | Т-подкл'!$F$7:$I$17
Name checkCells_List05_11: 'Форма 1.0.1 | Форма 1.10'!$F$7:$I$13
Name checkCells_List05_2: 'Форма 1.0.1 | Т-транс'!$F$7:$I$17
Name checkCells_List05_5: 'Форма 1.0.1 | Т-гор.вода'!$F$7:$I$13
Name checkCells_List05_9: 'Форма 1.0.1 | Т-подкл(инд)'!$F$7:$I$17

Sheet modList14_1

Sheet modProv

Sheet Инструкция
AA1: (требуется обновление)
B2: ="Код отчёта: " & GetCode() -> Код отчёта: FAS.JKH.OPEN.INFO.REQUEST.GVS
B3: ="Версия " & GetVersion() -> Версия 1.0.2
B5: Предложение регулируемой организации об установлении тарифов в сфере горячего водоснабжения, информация о способах приобретения, стоимости и объемах товаров, необходимых для производства регулируемых товаров и (или) оказания регулируемых услуг
E7: • На рабочем месте должен быть установлен MS Office 2007 SP3, 2010, 2013, 2016 с полной версией MS Excel • Макросы во время работы должны быть включены (!) • Для корректной работы отчёта требуется выбрать низкий уровень безопасности (В меню MS Excel 2007/2010/2013/2016: Параметры Excel | Центр управления безопасностью | Параметры центра управления безопасностью | Параметры макросов | Включить все макросы | ОК) • Если Вы работаете в табличном процессоре MS Excel 2007 и выше, то можете использовать для работы формат XLSB (Двоичная книга Excel). При работе в формате XLSB заметно быстрее происходит сохранение файла, а также уменьшается размер по сравнению с форматами XLS и XLSM • Не рекомендуется снимать защиту с листов и каким-либо образом модифицировать защищаемые формулы и расчётные поля, в противном случае, отчёт будет отклонён системой • При сохранении не следует выбирать формат XLSX (Книга Excel), так как в указанном формате макросы, необходимые для работы отчёта, безвозвратно удаляются
E21: A | F21: - необязательные для заполнения | O21: A | P21: - с формулами и константами
E22: A | F22: - обязательные для заполнения | O22: A | P22: - с выбором значений по двойному клику
E35: Если в предложенном Вам списке необходимая организация, МР/МО отсутствуют, обновите реестры с помощью кнопок В результате синхронизации с базой данных список организаций (МР/МО) будет заменён актуальным (механизм синхронизации требует подключения к сети Интернет и основан на использовании протокола HTTPS (TCP порт 443)) Если после обновления Вам не удалось найти необходимую организацию в списке, обратитесь к ответственному за поддержание реестра Вашего региона.
E46: • При сохранении шаблона осуществляется проверка корректности данных, в том числе на наличие значений в ячейках, обязательных для заполнения • Если какая-то ячейка не удовлетворяет условию проверки, на лист «Проверка» добавляется гиперссылка на данную ячейку и указывается причина ошибки • В колонке «Статус» для каждого сообщения возможны 2 значения: ошибка и предупреждение • При наличии сообщений со статусом «Ошибка» шаблон будет отклонён системой и не будет загружен в хранилище данных, сообщения со статусом «Предупреждение» носят информационный характер, и такой шаблон будет принят системой
E58: Обратиться за помощью в службу технической поддержки
E70: Инструкция по загрузке сопроводительных материалов
E71: Инструкция по работе с отчетной формой
E81: Обратиться за помощью в службу технической поддержки
E98: При наличии подключения к Интернет, можно автоматически проверять наличие доступных обновлений. Выберите способ оповещения о наличии обновлений для отчёта:
F100: проверять доступные обновления (рекомендуется) | AA100: y
F102: никогда не проверять наличие обновлений (не рекомендуется)

Sheet Лог обновления
A1: Дата/Время | B1: Сообщение | C1: Статус
A2: 43946.698 | B2: Проверка доступных обновлений... | C2: Информация
A3: 43946.698 | B3: Нет доступных обновлений для отчёта с кодом FAS.JKH.OPEN.INFO.REQUEST.GVS! | C3: Информация
A4: 43946.698 | B4: Проверка доступных обновлений... | C4: Информация
A5: 43946.698 | B5: Нет доступных обновлений для отчёта с кодом FAS.JKH.OPEN.INFO.REQUEST.GVS! | C5: Информация
A6: 43946.699 | B6: Проверка доступных обновлений... | C6: Информация
A7: 43946.699 | B7: Нет доступных обновлений для отчёта с кодом FAS.JKH.OPEN.INFO.REQUEST.GVS! | C7: Информация
A8: 43946.711 | B8: Проверка доступных обновлений... | C8: Информация
A9: 43946.711 | B9: Нет доступных обновлений для отчёта с кодом FAS.JKH.OPEN.INFO.REQUEST.GVS! | C9: Информация

Sheet Титульный
F1: 28425154
E2: ="Код шаблона: " & GetCode() -> Код шаблона: FAS.JKH.OPEN.INFO.REQUEST.GVS
E3: ="Версия " & GetVersion() -> Версия 1.0.2
E5: Предложение регулируемой организации об установлении тарифов в сфере горячего водоснабжения, информация о способах приобретения, стоимости и объемах товаров, необходимых для производства регулируемых товаров и (или) оказания регулируемых услуг
E7: Субъект РФ | F7: Нижегородская область
E9: Отсутствует Интернет в границах территории МО, где организация осуществляет регулируемые виды деятельности | F9: нет
E11: Начало периода регулирования | F11: 01.01.2019
E12: Окончание периода регулирования | F12: 31.12.2023
E14: Тип отчета | F14: изменения в раскрытой ранее информации
E15: Дата внесения изменений в информацию, подлежащую раскрытию | F15: 15.04.2020
E16: Дата периода регулирования, с которой предлагаются изменения в тарифы | F16: 01.01.2021
F17: Первичное предложение по тарифам
E19: Дата подачи заявления об утверждении тарифов | F19: 23.04.2018
E20: Номер подачи заявления об утверждении тарифов | F20: 517
F22: Изменение тарифов
E24: Дата подачи заявления об изменении тарифов | F24: 15.04.2020
E25: Номер заявления об изменении тарифов | F25: 215
E28: Является ли данное юридическое лицо подразделением (филиалом) другой организации | F28: нет
E29: Наименование организации | F29: ООО "Профит"
E30: Наименование филиала
E31: ИНН | F31: 5262287335
E32: КПП | F32: 525801001
E34: Режим налогообложения | F34: общий
E38: Почтовый адрес регулируемой организации | F38: 603034. Нижний Новгород, ш.Комсомольское, д.2а, офис 304
E39: Фамилия, имя, отчество руководителя | F39: Удалов Борис Вадимович
F40: Ответственный за заполнение формы
E41: Фамилия, имя, отчество | F41: Липатова Людмила Петровна
E42: Должность | F42: ведущий специалист
E43: Контактный телефон | F43: 8(831)2786308
E44: E-mail | F44: om1997 @mail.ru

Sheet Территории
K1: МО | L1: ОКТМО | M1: МР
D4: Перечень муниципальных районов и муниципальных образований (территорий действия тарифа)
F6: да
D8: Территория действия тарифа | F8: Муниципальный район | I8: Муниципальное образование
D9: № п/п | E9: Наименование | F9: № п/п | H9: Наименование | I9: № п/п | K9: Наименование | L9: ОКТМО
D10: 1 | E10: 2 | F10: 3 | H10: 4 | I10: 5 | K10: 6 | L10: 7
D11: 0 | M11: размерженный МР | P11: флаг используемости территории на листе Перечень тарифов | Q11: копия территорий | R11: МР (ОКТМО)
B12: auto | D12: 1 | E12: город Нижний Новгород, город Нижний Новгород (22701000); | G12: 0 | J12: 0 | M12: =mergeValue(H12) -> 0 | P12: =IF(ISERROR(MATCH(Q12,MODesc,0)),"n","y") -> n | Q12: город Нижний Новгород, город Нижний Новгород (22701000); | R12: =K12&"("&L12&")" -> ()
B13: auto | G13: 1 | H13: город Нижний Новгород | J13: 0 | M13: =mergeValue(H13) -> город Нижний Новгород | R13: =K13&"("&L13&")" -> ()
B14: auto | J14: 1 | K14: город Нижний Новгород | L14: 22701000 | M14: =mergeValue(H14) -> город Нижний Новгород | R14: =K14&" ("&L14&")" -> город Нижний Новгород (22701000)
B15: man | Q15: Добавить территорию действия тарифа

Sheet Перечень тарифов
D5: Перечень тарифов и технологически не связанных между собой централизованных систем горячего водоснабжения, в отношении которых предлагаются различные тарифы в сфере горячего водоснабжения
E11: Компонент на холодную воду в тарифе на горячую воду установлен с разбивкой по поставщикам | G11: нет
D17: № п/п | E17: Вид тарифа | F17: Вид деятельности | G17: Наличие двухставочного тарифа | H17: № п/п | J17: Наименование тарифа | K17: Дифференциация по МО (территориям) | O17: Дифференциация по централизованным системам горячего водоснабжения | S17: Примечание
K18: да/нет | L18: № п/п | N18: Описание | O18: да/нет | P18: № п/п | R18: Описание
D19: 1 | E19: 2 | F19: 3 | G19: 4 | H19: 5 | J19: 6 | K19: 7 | L19: 8 | N19: 9 | O19: 10 | P19: 11 | R19: 12 | S19: 13
D20: 0
A21: 5 | D21: 1 | E21: Тариф на горячую воду в закрытой системе горячего водоснабжения (горячее водоснабжение) | F21: Горячее водоснабжение | G21: да | I21: 1 | J21: тариф на горячую воду | K21: нет | M21: 1 | O21: нет | Q21: 1

Sheet Форма 1.0.1 | Форма 1.10
A1: 11
F2: Форма 1.0.1 Основные параметры раскрываемой информации 1
F4: Параметры формы | I4: Описание параметров формы
F5: № п/п | G5: Наименование параметра | H5: Информация
F6: 1 | G6: 2 | H6: 3 | I6: 4 | J6: 4
F7: 1 | G7: Дата заполнения/внесения изменений | H7: =IF(dateCh="","",dateCh) -> 15.04.2020 | I7: Указывается календарная дата первичного заполнения или внесения изменений в форму в виде «ДД.ММ.ГГГГ».
A8: 1 | F8: ="2." &mergeValue(A8) -> 2.1 | G8: Наименование централизованной системы коммунальной инфраструктуры | H8: =IF('Перечень тарифов'!R21="","наименование отсутствует","" & 'Перечень тарифов'!R21 & "") -> наименование отсутствует | I8: Указывается наименование централизованной системы холодного водоснабжения/горячего водоснабжения/водоотведения/теплоснабжения, к которой относится размещаемая информация. В случае наличия нескольких централизованных систем коммунальной инфраструктуры, информация по каждой из них указывается в отдельной строке.
F9: ="3." &mergeValue(A9) -> 3.1 | G9: Наименование регулируемого вида деятельности | H9: =IF('Перечень тарифов'!F21="","наименование отсутствует","" & 'Перечень тарифов'!F21 & "") -> Горячее водоснабжение | I9: Указывается наименование вида регулируемой деятельности.
F10: ="4."&mergeValue(A10) -> 4.1 | G10: Территория оказания услуги по регулируемому виду деятельности | H10: x
B11: 1 | F11: ="4."&mergeValue(A11) &"."&mergeValue(B11) -> 4.1.1 | G11: Субъект Российской Федерации | H11: =IF(region_name="","",region_name) -> Нижегородская область | I11: Указывается наименование субъекта Российской Федерации
C12: 1 | F12: ="4."&mergeValue(A12) &"."&mergeValue(B12)&"."&mergeValue(C12) -> 4.1.1.1 | G12: муниципальный район | H12: =IF(Территории!H13="","","" & Территории!H13 & "") -> город Нижний Новгород | I12: Указывается наименование муниципального района, на территории которого организация оказывает услуги по регулируемому виду деятельности.
D13: 1 | F13: ="4."&mergeValue(A13) &"."&mergeValue(B13)&"."&mergeValue(C13)&"."&mergeValue(D13) -> 4.1.1.1.1 | G13: муниципальное образование | H13: =IF(Территории!R14="","","" & Территории!R14 & "") -> город Нижний Новгород (22701000) | I13: Указывается наименование и код муниципального района, муниципального образования в соответствии с Общероссийским классификатором территорий муниципальных образований (далее - ОКТМО), входящего в муниципальный район, на территории которого организация оказывает услуги по регулируемому виду деятельности. В случае оказания услуг по регулируемому виду деятельности на территории нескольких муниципальных районов (муниципальных образований) данные по каждому их них указываются в отдельной строке.
G15: 1 Информация размещается при раскрытии информации по каждой из форм.

Sheet Форма 1.10
D5: Форма 1.10 Информация о способах приобретения, стоимости и объемах товаров, необходимых для производства регулируемых товаров и (или) оказания регулируемых услуг регулируемой организацией
D7: Параметры формы | H7: Описание параметров формы
D8: № п/п | E8: Наименование параметра | F8: Информация | G8: Ссылка на документ
D9: 1 | E9: 2 | F9: 3 | G9: 4 | H9: 5
D10: 1 | E10: Сведения о правовых актах, регламентирующих правила закупки (положение о закупках) в регулируемой организации | F10: profit-portal.ru | G10: https://regportal-tariff.ru/disclo/get_file?p_guid=1c66a7f3-9516-45ed-b4e3-0e0be1241677 | H10: В колонке «Информация» указывается описательная информация, характеризующая размещаемые данные. В колонке «Ссылка на документ» указывается либо ссылка на документ, предварительно загруженный в хранилище файлов ФГИС ЕИАС, либо ссылка на официальный сайт в сети «Интернет», на котором размещена информация. В случае наличия дополнительных сведений о способах приобретения, стоимости и объемах товаров, необходимых для производства регулируемых товаров и (или) оказания регулируемых услуг регулируемой организацией, информация по ним указывается в отдельных строках.
D11: 2 | E11: Сведения о месте размещения положения о закупках регулируемой организации | F11: profit-portal.ru | G11: https://regportal-tariff.ru/disclo/get_file?p_guid=1c66a7f3-9516-45ed-b4e3-0e0be1241677
D12: 3 | E12: Сведения о планировании закупочных процедур | F12: profit-portal.ru | G12: https://regportal-tariff.ru/disclo/get_file?p_guid=1c66a7f3-9516-45ed-b4e3-0e0be1241677
D13: 4 | E13: Сведения о результатах проведения закупочных процедур | F13: profit-portal.ru | G13: https://regportal-tariff.ru/disclo/get_file?p_guid=1c66a7f3-9516-45ed-b4e3-0e0be1241677
E14: Добавить сведения

Sheet Форма 1.0.1 | Форма 1.11.1
A1: 11
F2: Форма 1.0.1 Основные параметры раскрываемой информации 1
F4: Параметры формы | I4: Описание параметров формы
F5: № п/п | G5: Наименование параметра | H5: Информация
F6: 1 | G6: 2 | H6: 3 | I6: 4 | J6: 4
F7: 1 | G7: Дата заполнения/внесения изменений | H7: =IF(dateCh="","",dateCh) -> 15.04.2020 | I7: Указывается календарная дата первичного заполнения или внесения изменений в форму в виде «ДД.ММ.ГГГГ».
A8: 1 | F8: ="2." &mergeValue(A8) -> 2.1 | G8: Наименование централизованной системы коммунальной инфраструктуры | H8: =IF('Перечень тарифов'!R21="","наименование отсутствует","" & 'Перечень тарифов'!R21 & "") -> наименование отсутствует | I8: Указывается наименование централизованной системы холодного водоснабжения/горячего водоснабжения/водоотведения/теплоснабжения, к которой относится размещаемая информация. В случае наличия нескольких централизованных систем коммунальной инфраструктуры, информация по каждой из них указывается в отдельной строке.
F9: ="3." &mergeValue(A9) -> 3.1 | G9: Наименование регулируемого вида деятельности | H9: =IF('Перечень тарифов'!F21="","наименование отсутствует","" & 'Перечень тарифов'!F21 & "") -> Горячее водоснабжение | I9: Указывается наименование вида регулируемой деятельности.
F10: ="4."&mergeValue(A10) -> 4.1 | G10: Территория оказания услуги по регулируемому виду деятельности | H10: x
B11: 1 | F11: ="4."&mergeValue(A11) &"."&mergeValue(B11) -> 4.1.1 | G11: Субъект Российской Федерации | H11: =IF(region_name="","",region_name) -> Нижегородская область | I11: Указывается наименование субъекта Российской Федерации
C12: 1 | F12: ="4."&mergeValue(A12) &"."&mergeValue(B12)&"."&mergeValue(C12) -> 4.1.1.1 | G12: муниципальный район | H12: =IF(Территории!H13="","","" & Территории!H13 & "") -> город Нижний Новгород | I12: Указывается наименование муниципального района, на территории которого организация оказывает услуги по регулируемому виду деятельности.
D13: 1 | F13: ="4."&mergeValue(A13) &"."&mergeValue(B13)&"."&mergeValue(C13)&"."&mergeValue(D13) -> 4.1.1.1.1 | G13: муниципальное образование | H13: =IF(Территории!R14="","","" & Территории!R14 & "") -> город Нижний Новгород (22701000) | I13: Указывается наименование и код муниципального района, муниципального образования в соответствии с Общероссийским классификатором территорий муниципальных образований (далее - ОКТМО), входящего в муниципальный район, на территории которого организация оказывает услуги по регулируемому виду деятельности. В случае оказания услуг по регулируемому виду деятельности на территории нескольких муниципальных районов (муниципальных образований) данные по каждому их них указываются в отдельной строке.
G15: 1 Информация размещается при раскрытии информации по каждой из форм.

Sheet Форма 1.11.1
D5: Форма 1.11.1 Информация о предложении об установлении тарифов в сфере горячего водоснабжения на очередной период регулирования1
E7: ="Дата подачи заявления об "&IF(datePr_ch="","утверждении","изменении") & " тарифов" -> Дата подачи заявления об изменении тарифов | F7: =IF(datePr_ch="",IF(datePr="","",datePr),datePr_ch) -> 15.04.2020
E8: ="Номер подачи заявления об "&IF(numberPr_ch="","утверждении","изменении") & " тарифов" -> Номер подачи заявления об изменении тарифов | F8: =IF(numberPr_ch="",IF(numberPr="","",numberPr),numberPr_ch) -> 215
D10: Параметры формы | L10: Описание параметров формы
D11: № п/п | E11: Вид тарифа | F11: Наименование тарифа | G11: Период действия тарифов | J11: Информация | K11: Ссылка на документ
G12: с | I12: по
D13: 1 | E13: 2 | F13: 3 | G13: 4 | I13: 5 | J13: 6 | K13: 7 | L13: 8
D14: 1 | E14: Копия инвестиционной программы, утвержденной в установленном законодательством Российской Федерации порядке, а до ее утверждения копия проекта инвестиционной программы
D15: 1.1 | E15: x | F15: x | G15: x | I15: x | J15: отсутствует | L15: Заполняется в случае наличия инвестиционной программы (проекта инвестиционной программы) в отчетном периоде. В колонке «Информация» указывается наименование инвестиционной программы. В колонке «Ссылка на документ» указывается ссылка на документ, предварительно загруженный в хранилище файлов ФГИС ЕИАС.
B16: 3 | D16: 2 | E16: Предлагаемый метод регулирования | J16: x
D17: 2.1 | E17: =IF('Перечень тарифов'!E21="","наименование отсутствует","" & 'Перечень тарифов'!E21 & "") -> Тариф на горячую воду в закрытой системе горячего водоснабжения (горячее водоснабжение) | F17: =IF('Перечень тарифов'!J21="","наименование отсутствует","" & 'Перечень тарифов'!J21 & "") -> тариф на горячую воду | H17: 01.01.2019 | I17: 31.12.2023 | J17: метод индексации установленных тарифов | K17: x | L17: Значение в колонке «Вид тарифа» выбирается из перечня видов тарифов в сфере горячего водоснабжения, предусмотренных законодательством в сфере водоснабжения и водоотведения. Значение в колонке «Информация» выбирается из перечня: Метод экономически обоснованных расходов (затрат); Метод индексации установленных тарифов; Метод обеспечения доходности инвестированного капитала; Метод сравнения аналогов. Даты начала и окончания периода действия тарифов указывается в виде «ДД.ММ.ГГГГ». В случае дифференциации предлагаемых методов регулирования по видам тарифов и (или) по периодам действия тарифов информация по каждому из них указывается в отдельной строке.
H18: Добавить период
B19: 3 | D19: 3 | E19: Долгосрочные параметры регулирования (в случае если их установление предусмотрено выбранным методом регулирования)
D20: 3.1 | E20: x | F20: x | G20: x | I20: x | J20: x | K20: https://portal.eias.ru/Portal/DownloadPage.aspx?type=12&guid=b99fdf6e-9274-4378-9374-3185987908fe | L20: Долгосрочные параметры регулирования указываются в случае выбора любого метода регулирования за исключением метода экономически обоснованных затрат в виде ссылки на документ, предварительно загруженный в хранилище файлов ФГИС ЕИАС.
B21: 3 | D21: 4 | E21: Необходимая валовая выручка на соответствующий период, в том числе с разбивкой по годам
D22: 4.1 | E22: =IF('Перечень тарифов'!E21="","наименование отсутствует","" & 'Перечень тарифов'!E21 & "") -> Тариф на горячую воду в закрытой системе горячего водоснабжения (горячее водоснабжение) | F22: =IF('Перечень тарифов'!J21="","наименование отсутствует","" & 'Перечень тарифов'!J21 & "") -> тариф на горячую воду | H22: 01.01.2021 | I22: 31.12.2021 | J22: 61196.79 | K22: x | L22: Значение в колонке «Вид тарифа» выбирается из перечня видов тарифов в сфере горячего водоснабжения предусмотренных законодательством в сфере водоснабжения и водоотведения. Даты начала и окончания периода действия тарифов указывается в виде «ДД.ММ.ГГГГ». Величина необходимой валовой выручки указывается в колонке «Информация» в тыс. руб. В случае дифференциации необходимой валовой выручки по видам тарифов и (или) по периодам действия тарифов информация указывается в отдельных строках.
G23: О | H23: 01.01.2022 | I23: 31.12.2022 | J23: 63814.51 | K23: x
G24: О | H24: 01.01.2023 | I24: 31.12.2023 | J24: 66106.33 | K24: x
H25: Добавить период
D26: 5 | E26: Годовой объем отпущенной в сеть воды
D27: 5.1 | E27: =IF('Перечень тарифов'!E21="","наименование отсутствует","" & 'Перечень тарифов'!E21 & "") -> Тариф на горячую воду в закрытой системе горячего водоснабжения (горячее водоснабжение) | F27: =IF('Перечень тарифов'!J21="","наименование отсутствует","" & 'Перечень тарифов'!J21 & "") -> тариф на горячую воду | H27: 01.01.2019 | I27: 31.12.2023 | J27: 42 | K27: x | L27: Значение в колонке «Вид тарифа» выбирается из перечня видов тарифов в сфере горячего водоснабжения, предусмотренных законодательством в сфере водоснабжения и водоотведения. Даты начала и окончания периода действия тарифов указывается в виде «ДД.ММ.ГГГГ». Величина годового объема отпущенной в сеть воды указывается в колонке «Информация» в тыс. куб. м. В случае дифференциации объема отпущенной в сеть воды по видам тарифов и (или) по периодам действия тарифов информация указывается в отдельных строках.
H28: Добавить период
D29: 6 | E29: Размер недополученных доходов регулируемой организацией, исчисленный в соответствии с Основами ценообразования в сфере водоснабжения и водоотведения, утвержденными постановлением Правительства Российской Федерации от 13.05.2013 № 406 (Собрание законодательства Российской Федерации, 2013, № 20, ст. 2500; 2017, № 48, ст. 7218)
D30: 6.1 | E30: =IF('Перечень тарифов'!E21="","наименование отсутствует","" & 'Перечень тарифов'!E21 & "") -> Тариф на горячую воду в закрытой системе горячего водоснабжения (горячее водоснабжение) | F30: =IF('Перечень тарифов'!J21="","наименование отсутствует","" & 'Перечень тарифов'!J21 & "") -> тариф на горячую воду | H30: 01.01.2019 | I30: 31.12.2023 | J30: 0 | K30: x | L30: Значение в колонке «Вид тарифа» выбирается из перечня видов тарифов в сфере горячего водоснабжения, предусмотренных законодательством в сфере водоснабжения и водоотведения. Даты начала и окончания периода действия тарифов указывается в виде «ДД.ММ.ГГГГ». Величина недополученных доходов регулируемой организации указывается в колонке «Информация» в тыс. руб. В случае отсутствия недополученных доходов регулируемой организацией, исчисленных в соответствии с законодательством в сфере водоснабжения и водоотведения, указывается значение 0. В случае дифференциации недополученных доходов регулируемой организацией по видам тарифов и/или по периодам действия тарифов информация указывается в отдельных строках. | O30: c 01:03 до 18:55
H31: Добавить период
B32: 3 | D32: 7 | E32: Размер экономически обоснованных расходов, не учтенных при регулировании тарифов в предыдущий период регулирования (при их наличии), определенном в соответствии с законодательством в сфере водоснабжения и водоотведения
D33: 7.1 | E33: =IF('Перечень тарифов'!E21="","наименование отсутствует","" & 'Перечень тарифов'!E21 & "") -> Тариф на горячую воду в закрытой системе горячего водоснабжения (горячее водоснабжение) | F33: =IF('Перечень тарифов'!J21="","наименование отсутствует","" & 'Перечень тарифов'!J21 & "") -> тариф на горячую воду | H33: 01.01.2019 | I33: 31.12.2023 | J33: 0 | K33: x | L33: Значение в колонке «Вид тарифа» выбирается из перечня видов тарифов в сфере горячего водоснабжения, предусмотренных законодательством в сфере водоснабжения и водоотведения. Даты начала и окончания периода действия тарифов указывается в виде «ДД.ММ.ГГГГ». Величина экономически обоснованных расходов, не учтенных при регулировании тарифов в предыдущий период регулирования, указывается в колонке «Информация» в тыс. руб. В случае отсутствия экономически обоснованных расходов, не учтенных при регулировании тарифов в предыдущий период регулирования, определенных в соответствии с законодательством в сфере водоснабжения и водоотведения, указывается значение 0. В случае дифференциации экономически обоснованных расходов по видам тарифов и/или по периодам действия тарифов информация указывается в отдельных строках.
H34: Добавить период
D36: 1 | E36: При размещении информации по данной форме дополнительно указывается дата подачи заявления об утверждении(изменении) тарифов и его номер.

Sheet Форма 1.0.1 | Т-транс
A1: 2
F2: Форма 1.0.1 Основные параметры раскрываемой информации 1
F4: Параметры формы | I4: Описание параметров формы
F5: № п/п | G5: Наименование параметра | H5: Информация
F6: 1 | G6: 2 | H6: 3 | I6: 4 | J6: 4
F7: 1 | G7: Дата заполнения/внесения изменений | H7: =IF(dateCh="","",dateCh) -> 15.04.2020 | I7: Указывается календарная дата первичного заполнения или внесения изменений в форму в виде «ДД.ММ.ГГГГ».
A8: 1 | F8: ="2." &mergeValue(A8) -> 2.1 | G8: Наименование централизованной системы коммунальной инфраструктуры | I8: Указывается наименование централизованной системы холодного водоснабжения/горячего водоснабжения/водоотведения/теплоснабжения, к которой относится размещаемая информация. В случае наличия нескольких централизованных систем коммунальной инфраструктуры, информация по каждой из них указывается в отдельной строке.
F9: ="3." &mergeValue(A9) -> 3.1 | G9: Наименование регулируемого вида деятельности | I9: Указывается наименование вида регулируемой деятельности.
F10: ="4."&mergeValue(A10) -> 4.1 | G10: Территория оказания услуги по регулируемому виду деятельности | H10: x
B11: 1 | F11: ="4."&mergeValue(A11) &"."&mergeValue(B11) -> 4.1.1 | G11: Субъект Российской Федерации | H11: =IF(region_name="","",region_name) -> Нижегородская область | I11: Указывается наименование субъекта Российской Федерации
C12: 1 | F12: ="4."&mergeValue(A12) &"."&mergeValue(B12)&"."&mergeValue(C12) -> 4.1.1.1 | G12: муниципальный район | I12: Указывается наименование муниципального района, на территории которого организация оказывает услуги по регулируемому виду деятельности.
D13: 1 | F13: ="4."&mergeValue(A13) &"."&mergeValue(B13)&"."&mergeValue(C13)&"."&mergeValue(D13) -> 4.1.1.1.1 | G13: муниципальное образование | I13: Указывается наименование и код муниципального района, муниципального образования в соответствии с Общероссийским классификатором территорий муниципальных образований (далее - ОКТМО), входящего в муниципальный район, на территории которого организация оказывает услуги по регулируемому виду деятельности. В случае оказания услуг по регулируемому виду деятельности на территории нескольких муниципальных районов (муниципальных образований) данные по каждому их них указываются в отдельной строке.
G14: Добавить МО
G15: Добавить МР
G16: Добавить территорию
G17: Добавить ЦС
G19: 1 Информация размещается при раскрытии информации по каждой из форм.

Sheet Форма 1.11.2 | Т-транс
L5: Форма 1.11.2 Информация о предложении величин тарифов на горячую воду, транспортировку воды1
M8: ="Дата подачи заявления об "&IF(datePr_ch="","утверждении","изменении") & " тарифов" -> Дата подачи заявления об изменении тарифов | O8: =IF(datePr_ch="",IF(datePr="","",datePr),datePr_ch) -> 15.04.2020
M9: ="Номер подачи заявления об "&IF(numberPr_ch="","утверждении","изменении") & " тарифов" -> Номер подачи заявления об изменении тарифов | O9: =IF(numberPr_ch="",IF(numberPr="","",numberPr),numberPr_ch) -> 215
U11: dp
L13: Параметры формы | W13: Описание параметров формы
L14: № п/п | M14: Параметры дифференциации | O14: Период действия тарифа | U14: Наличие других периодов действия тарифа | V14: Добавить период
O15: Одноставочный тариф | P15: Двухставочный тариф | R15: Период действия
O16: Одноставочный тариф, руб./куб. м | P16: ставка платы за объем поданной воды, руб./куб. м | Q16: ставка платы за содержание мощности, руб./куб. м в час | R16: дата начала | S16: дата окончания
K17: 1 | L17: 1 | M17: 2 | N17: =OFFSET(N17,0,-1) -> 2 | O17: =OFFSET(O17,0,-1)+1 -> 3 | P17: =OFFSET(P17,0,-1)+1 -> 4 | Q17: =OFFSET(Q17,0,-1)+1 -> 5 | R17: =OFFSET(R17,0,-1)+1 -> 6 | S17: =OFFSET(S17,0,-1)+1 -> 7 | U17: =OFFSET(U17,0,-2)+1 -> 8 | V17: =OFFSET(V17,0,-1) -> 8 | W17: =OFFSET(W17,0,-1)+1 -> 9
A18: 1 | L18: =mergeValue(A18) -> 1 | M18: Наименование тарифа | W18: Указывается наименование тарифа в случае подачи предложения по нескольким тарифам. В случае наличия нескольких тарифов информация по ним указывается в отдельных строках.
B19: 1 | L19: =mergeValue(A19) &"."& mergeValue(B19) -> 1.1 | M19: Территория действия тарифа | W19: Указывается наименование территории действия тарифа при наличии дифференциации тарифа по территориальному признаку. В случае дифференциации тарифов по территориальному признаку информация по ним указывается в отдельных строках.
C20: 1 | L20: =mergeValue(A20) &"."& mergeValue(B20)&"."& mergeValue(C20) -> 1.1.1 | M20: Наименование централизованной системы горячего водоснабжения | W20: Указывается наименование централизованной системы горячего водоснабжения при наличии дифференциации тарифа по централизованным системам горячего водоснабжения. В случае дифференциации тарифов по централизованным системам горячего водоснабжения информация по ним указывается в отдельных строках.
D21: 1 | L21: =mergeValue(A21) &"."& mergeValue(B21)&"."& mergeValue(C21)&"."& mergeValue(D21) -> 1.1.1.1 | M21: Наименование признака дифференциации | W21: Указывается наименование дополнительного признака дифференциации (при наличии). Дифференциация тарифа осуществляется в соответствии с законодательством в сфере водоснабжения и водоотведения. В случае дифференциации тарифов по дополнительным признакам информация по ним указывается в отдельных строках.
E22: 1 | L22: =mergeValue(A22) &"."& mergeValue(B22)&"."& mergeValue(C22)&"."& mergeValue(D22)&"."& mergeValue(E22) -> 1.1.1.1.1 | M22: Группа потребителей | W22: Указывается группа потребителей при наличии дифференциации тарифа по группам потребителей. Значение выбирается из перечня: Организации-перепродавцы; Бюджетные организации; Население; Прочие; Без дифференциации. В случае дифференциации тарифов группам потребителей информация по ним указывается в отдельных строках. | Y22: =strCheckUnique(Z22:Z25)
F23: 1 | L23: =mergeValue(A23) &"."& mergeValue(B23)&"."& mergeValue(C23)&"."& mergeValue(D23)&"."& mergeValue(E23)&"."& mergeValue(F23) -> 1.1.1.1.1.1 | S23: да | U23: нет | W23: В колонке «Параметр дифференциации тарифов» указывается значение дополнительного признака дифференциации, либо наименование поставщика в случае наличия дифференциации компонента двухставочного тарифа на холодную воду по поставщикам. При подаче предложения на двухставочный тариф колонка «Одноставочный тариф» не заполняется. При подаче предложения на одноставочный тариф колонки в блоке «Двухставочный тариф» не заполняются. В случае утверждения однокомпонентного двухставочного тарифа данные указываются только в блоке «Двухставочный тариф (однокомпонентный)». В случае утверждения двухкомпонентного двухставочного тарифа данные указываются только в блоке «Двухставочный тариф (двухкомпонентный)». Даты начала и окончания действия тарифов указываются в виде «ДД.ММ.ГГГГ». В случае отсутствия даты окончания действия тарифа в колонке «Дата окончания» указывается «Нет». В случае наличия нескольких значений признака дифференциации тарифов информация по ним указывается в отдельных строках. В случае дифференциации тарифов по периодам действия тарифа информация по ним указывается в отдельных колонках. В случае дифференциации компонента двухставочного тарифа на холодную воду по поставщикам строка "Значение признака дифференциации" не заполняется. В случае отстутствия дифференциации компонента двухставочного тарифа на холодную воду по поставщикам строка "Наименование поставщика" не заполняется. | X23: =strCheckDate(O24:V24) | Z23: =IF(M23="","",M23 )
Q24: =R23 & "-" & T23 -> -
M25: Добавить значение признака дифференциации
M26: Добавить группу потребителей
M27: Добавить наименование признака дифференциации
M28: Добавить наименование системы водоснабжения
M29: Добавить территорию действия тарифа
M30: Добавить наименование тарифа
L32: 1 | M32: Для каждого вида тарифа в сфере горячего водоснабжения форма заполняется отдельно. При размещении информации по данной форме дополнительно указывается дата подачи заявления об утверждении(изменении) тарифа и его номер.

Sheet Форма 1.0.1 | Т-гор.вода
A1: 4
F2: Форма 1.0.1 Основные параметры раскрываемой информации 1
F4: Параметры формы | I4: Описание параметров формы
F5: № п/п | G5: Наименование параметра | H5: Информация
F6: 1 | G6: 2 | H6: 3 | I6: 4 | J6: 4
F7: 1 | G7: Дата заполнения/внесения изменений | H7: =IF(dateCh="","",dateCh) -> 15.04.2020 | I7: Указывается календарная дата первичного заполнения или внесения изменений в форму в виде «ДД.ММ.ГГГГ».
A8: 1 | F8: ="2." &mergeValue(A8) -> 2.1 | G8: Наименование централизованной системы коммунальной инфраструктуры | H8: =IF('Перечень тарифов'!R21="","наименование отсутствует","" & 'Перечень тарифов'!R21 & "") -> наименование отсутствует | I8: Указывается наименование централизованной системы холодного водоснабжения/горячего водоснабжения/водоотведения/теплоснабжения, к которой относится размещаемая информация. В случае наличия нескольких централизованных систем коммунальной инфраструктуры, информация по каждой из них указывается в отдельной строке.
F9: ="3." &mergeValue(A9) -> 3.1 | G9: Наименование регулируемого вида деятельности | H9: =IF('Перечень тарифов'!F21="","наименование отсутствует","" & 'Перечень тарифов'!F21 & "") -> Горячее водоснабжение | I9: Указывается наименование вида регулируемой деятельности.
F10: ="4."&mergeValue(A10) -> 4.1 | G10: Территория оказания услуги по регулируемому виду деятельности | H10: x
B11: 1 | F11: ="4."&mergeValue(A11) &"."&mergeValue(B11) -> 4.1.1 | G11: Субъект Российской Федерации | H11: =IF(region_name="","",region_name) -> Нижегородская область | I11: Указывается наименование субъекта Российской Федерации
C12: 1 | F12: ="4."&mergeValue(A12) &"."&mergeValue(B12)&"."&mergeValue(C12) -> 4.1.1.1 | G12: муниципальный район | H12: =IF(Территории!H13="","","" & Территории!H13 & "") -> город Нижний Новгород | I12: Указывается наименование муниципального района, на территории которого организация оказывает услуги по регулируемому виду деятельности.
D13: 1 | F13: ="4."&mergeValue(A13) &"."&mergeValue(B13)&"."&mergeValue(C13)&"."&mergeValue(D13) -> 4.1.1.1.1 | G13: муниципальное образование | H13: =IF(Территории!R14="","","" & Территории!R14 & "") -> город Нижний Новгород (22701000) | I13: Указывается наименование и код муниципального района, муниципального образования в соответствии с Общероссийским классификатором территорий муниципальных образований (далее - ОКТМО), входящего в муниципальный район, на территории которого организация оказывает услуги по регулируемому виду деятельности. В случае оказания услуг по регулируемому виду деятельности на территории нескольких муниципальных районов (муниципальных образований) данные по каждому их них указываются в отдельной строке.
G15: 1 Информация размещается при раскрытии информации по каждой из форм.

Sheet Форма 1.11.2 | Т-гор.вода
L5: Форма 1.11.2 Информация о предложении величин тарифов на горячую воду, транспортировку воды1
M8: ="Дата подачи заявления об "&IF(datePr_ch="","утверждении","изменении") & " тарифов" -> Дата подачи заявления об изменении тарифов | P8: =IF(datePr_ch="",IF(datePr="","",datePr),datePr_ch) -> 15.04.2020
M9: ="Номер подачи заявления об "&IF(numberPr_ch="","утверждении","изменении") & " тарифов" -> Номер подачи заявления об изменении тарифов | P9: =IF(numberPr_ch="",IF(numberPr="","",numberPr),numberPr_ch) -> 215
AB11: dp | AP11: dp | BD11: dp | BR11: dp | CF11: dp | CT11: dp | DH11: dp | DV11: dp | EJ11: dp | EX11: dp
AC12: О | AQ12: О | BE12: О | BS12: О | CG12: О | CU12: О | DI12: О | DW12: О | EK12: О
L13: Параметры формы | EZ13: Описание параметров формы
L14: № п/п | M14: Параметры дифференциации | O14: Период действия тарифа | AB14: Наличие других периодов действия тарифа | AC14: Период действия тарифа | AP14: Наличие других периодов действия тарифа | AQ14: Период действия тарифа | BD14: Наличие других периодов действия тарифа | BE14: Период действия тарифа | BR14: Наличие других периодов действия тарифа | BS14: Период действия тарифа | CF14: Наличие других периодов действия тарифа | CG14: Период действия тарифа | CT14: Наличие других периодов действия тарифа | CU14: Период действия тарифа | DH14: Наличие других периодов действия тарифа | DI14: Период действия тарифа | DV14: Наличие других периодов действия тарифа | DW14: Период действия тарифа | EJ14: Наличие других периодов действия тарифа | EK14: Период действия тарифа | EX14: Наличие других периодов действия тарифа | EY14: Добавить период
P15: Одноставочный тариф | Q15: Одноставочный тариф (двухкомпонентный) | S15: Двухставочный тариф (однокомпонентный) | U15: Двухставочный тариф (двухкомпонентный) | Y15: Период действия | AD15: Одноставочный тариф | AE15: Одноставочный тариф (двухкомпонентный) | AG15: Двухставочный тариф (однокомпонентный) | AI15: Двухставочный тариф (двухкомпонентный) | AM15: Период действия | AR15: Одноставочный тариф | AS15: Одноставочный тариф (двухкомпонентный) | AU15: Двухставочный тариф (однокомпонентный) | AW15: Двухставочный тариф (двухкомпонентный) | BA15: Период действия | BF15: Одноставочный тариф | BG15: Одноставочный тариф (двухкомпонентный) | BI15: Двухставочный тариф (однокомпонентный) | BK15: Двухставочный тариф (двухкомпонентный) | BO15: Период действия | BT15: Одноставочный тариф | BU15: Одноставочный тариф (двухкомпонентный) | BW15: Двухставочный тариф (однокомпонентный) | BY15: Двухставочный тариф (двухкомпонентный) | CC15: Период действия | CH15: Одноставочный тариф | CI15: Одноставочный тариф (двухкомпонентный) | CK15: Двухставочный тариф (однокомпонентный) | CM15: Двухставочный тариф (двухкомпонентный) | CQ15: Период действия | CV15: Одноставочный тариф | CW15: Одноставочный тариф (двухкомпонентный) | CY15: Двухставочный тариф (однокомпонентный) | DA15: Двухставочный тариф (двухкомпонентный) | DE15: Период действия | DJ15: Одноставочный тариф | DK15: Одноставочный тариф (двухкомпонентный) | DM15: Двухставочный тариф (однокомпонентный) | DO15: Двухставочный тариф (двухкомпонентный) | DS15: Период действия | DX15: Одноставочный тариф | DY15: Одноставочный тариф (двухкомпонентный) | EA15: Двухставочный тариф (однокомпонентный) | EC15: Двухставочный тариф (двухкомпонентный) | EG15: Период действия | EL15: Одноставочный тариф | EM15: Одноставочный тариф (двухкомпонентный) | EO15: Двухставочный тариф (однокомпонентный) | EQ15: Двухставочный тариф (двухкомпонентный) | EU15: Период действия
P16: Одноставочный тариф, руб./куб. м | Q16: Компонент на холодную воду, руб./куб.м | R16: Компонент на тепловую энергию, руб./Гкал | S16: Ставка платы за потребление горячей воды, руб./куб. м | T16: Ставка платы за содержание системы горячего водоснабжения, руб./Гкал в час | U16: Ставка платы за объем поданной холодной воды, руб./куб. м | V16: Ставка платы за содержание мощности, руб./куб. м в час | W16: Компонент на тепловую энергию, руб./Гкал | Y16: дата начала | Z16: дата окончания | AD16: Одноставочный тариф, руб./куб. м | AE16: Компонент на холодную воду, руб./куб.м | AF16: Компонент на тепловую энергию, руб./Гкал | AG16: Ставка платы за потребление горячей воды, руб./куб. м | AH16: Ставка платы за содержание системы горячего водоснабжения, руб./Гкал в час | AI16: Ставка платы за объем поданной холодной воды, руб./куб. м | AJ16: Ставка платы за содержание мощности, руб./куб. м в час | AK16: Компонент на тепловую энергию, руб./Гкал | AM16: дата начала | AN16: дата окончания | AR16: Одноставочный тариф, руб./куб. м | AS16: Компонент на холодную воду, руб./куб.м | AT16: Компонент на тепловую энергию, руб./Гкал | AU16: Ставка платы за потребление горячей воды, руб./куб. м | AV16: Ставка платы за содержание системы горячего водоснабжения, руб./Гкал в час | AW16: Ставка платы за объем поданной холодной воды, руб./куб. м | AX16: Ставка платы за содержание мощности, руб./куб. м в час | AY16: Компонент на тепловую энергию, руб./Гкал | BA16: дата начала | BB16: дата окончания | BF16: Одноставочный тариф, руб./куб. м | BG16: Компонент на холодную воду, руб./куб.м | BH16: Компонент на тепловую энергию, руб./Гкал | BI16: Ставка платы за потребление горячей воды, руб./куб. м | BJ16: Ставка платы за содержание системы горячего водоснабжения, руб./Гкал в час | BK16: Ставка платы за объем поданной холодной воды, руб./куб. м | BL16: Ставка платы за содержание мощности, руб./куб. м в час | BM16: Компонент на тепловую энергию, руб./Гкал | BO16: дата начала | BP16: дата окончания | BT16: Одноставочный тариф, руб./куб. м | BU16: Компонент на холодную воду, руб./куб.м | BV16: Компонент на тепловую энергию, руб./Гкал | BW16: Ставка платы за потребление горячей воды, руб./куб. м | BX16: Ставка платы за содержание системы горячего водоснабжения, руб./Гкал в час | BY16: Ставка платы за объем поданной холодной воды, руб./куб. м | BZ16: Ставка платы за содержание мощности, руб./куб. м в час | CA16: Компонент на тепловую энергию, руб./Гкал | CC16: дата начала | CD16: дата окончания | CH16: Одноставочный тариф, руб./куб. м | CI16: Компонент на холодную воду, руб./куб.м | CJ16: Компонент на тепловую энергию, руб./Гкал | CK16: Ставка платы за потребление горячей воды, руб./куб. м | CL16: Ставка платы за содержание системы горячего водоснабжения, руб./Гкал в час | CM16: Ставка платы за объем поданной холодной воды, руб./куб. м | CN16: Ставка платы за содержание мощности, руб./куб. м в час | CO16: Компонент на тепловую энергию, руб./Гкал | CQ16: дата начала | CR16: дата окончания | CV16: Одноставочный тариф, руб./куб. м | CW16: Компонент на холодную воду, руб./куб.м | CX16: Компонент на тепловую энергию, руб./Гкал | CY16: Ставка платы за потребление горячей воды, руб./куб. м | CZ16: Ставка платы за содержание системы горячего водоснабжения, руб./Гкал в час | DA16: Ставка платы за объем поданной холодной воды, руб./куб. м | DB16: Ставка платы за содержание мощности, руб./куб. м в час | DC16: Компонент на тепловую энергию, руб./Гкал | DE16: дата начала | DF16: дата окончания | DJ16: Одноставочный тариф, руб./куб. м | DK16: Компонент на холодную воду, руб./куб.м | DL16: Компонент на тепловую энергию, руб./Гкал | DM16: Ставка платы за потребление горячей воды, руб./куб. м | DN16: Ставка платы за содержание системы горячего водоснабжения, руб./Гкал в час | DO16: Ставка платы за объем поданной холодной воды, руб./куб. м | DP16: Ставка платы за содержание мощности, руб./куб. м в час | DQ16: Компонент на тепловую энергию, руб./Гкал | DS16: дата начала | DT16: дата окончания | DX16: Одноставочный тариф, руб./куб. м | DY16: Компонент на холодную воду, руб./куб.м | DZ16: Компонент на тепловую энергию, руб./Гкал | EA16: Ставка платы за потребление горячей воды, руб./куб. м | EB16: Ставка платы за содержание системы горячего водоснабжения, руб./Гкал в час | EC16: Ставка платы за объем поданной холодной воды, руб./куб. м | ED16: Ставка платы за содержание мощности, руб./куб. м в час | EE16: Компонент на тепловую энергию, руб./Гкал | EG16: дата начала | EH16: дата окончания | EL16: Одноставочный тариф, руб./куб. м | EM16: Компонент на холодную воду, руб./куб.м | EN16: Компонент на тепловую энергию, руб./Гкал | EO16: Ставка платы за потребление горячей воды, руб./куб. м | EP16: Ставка платы за содержание системы горячего водоснабжения, руб./Гкал в час | EQ16: Ставка платы за объем поданной холодной воды, руб./куб. м | ER16: Ставка платы за содержание мощности, руб./куб. м в час | ES16: Компонент на тепловую энергию, руб./Гкал | EU16: дата начала | EV16: дата окончания
K17: 1 | L17: 1 | M17: 2 | N17: =OFFSET(N17,0,-1) -> 2 | O17: =OFFSET(O17,0,-1) -> 2 | P17: =OFFSET(P17,0,-1)+1 -> 3 | Q17: =OFFSET(Q17,0,-1)+1 -> 4 | R17: =OFFSET(R17,0,-1)+1 -> 5 | S17: =OFFSET(S17,0,-1)+1 -> 6 | T17: =OFFSET(T17,0,-1)+1 -> 7 | U17: =OFFSET(U17,0,-1)+1 -> 8 | V17: =OFFSET(V17,0,-1)+1 -> 9 | W17: =OFFSET(W17,0,-1)+1 -> 10 | X17: =OFFSET(X17,0,-1) -> 10 | Y17: =OFFSET(Y17,0,-1)+1 -> 11 | Z17: =OFFSET(Z17,0,-1)+1 -> 12 | AB17: =OFFSET(AB17,0,-2)+1 -> 13 | AC17: =OFFSET(AC17,0,-1) -> 13 | AD17: =OFFSET(AD17,0,-1)+1 -> 14 | AE17: =OFFSET(AE17,0,-1)+1 -> 15 | AF17: =OFFSET(AF17,0,-1)+1 -> 16 | AG17: =OFFSET(AG17,0,-1)+1 -> 17 | AH17: =OFFSET(AH17,0,-1)+1 -> 18 | AI17: =OFFSET(AI17,0,-1)+1 -> 19 | AJ17: =OFFSET(AJ17,0,-1)+1 -> 20 | AK17: =OFFSET(AK17,0,-1)+1 -> 21 | AL17: =OFFSET(AL17,0,-1) -> 21 | AM17: =OFFSET(AM17,0,-1)+1 -> 22 | AN17: =OFFSET(AN17,0,-1)+1 -> 23 | AP17: =OFFSET(AP17,0,-2)+1 -> 24 | AQ17: =OFFSET(AQ17,0,-1) -> 24 | AR17: =OFFSET(AR17,0,-1)+1 -> 25 | AS17: =OFFSET(AS17,0,-1)+1 -> 26 | AT17: =OFFSET(AT17,0,-1)+1 -> 27 | AU17: =OFFSET(AU17,0,-1)+1 -> 28 | AV17: =OFFSET(AV17,0,-1)+1 -> 29 | AW17: =OFFSET(AW17,0,-1)+1 -> 30 | AX17: =OFFSET(AX17,0,-1)+1 -> 31 | AY17: =OFFSET(AY17,0,-1)+1 -> 32 | AZ17: =OFFSET(AZ17,0,-1) -> 32 | BA17: =OFFSET(BA17,0,-1)+1 -> 33 | BB17: =OFFSET(BB17,0,-1)+1 -> 34 | BD17: =OFFSET(BD17,0,-2)+1 -> 35 | BE17: =OFFSET(BE17,0,-1) -> 35 | BF17: =OFFSET(BF17,0,-1)+1 -> 36 | BG17: =OFFSET(BG17,0,-1)+1 -> 37 | BH17: =OFFSET(BH17,0,-1)+1 -> 38 | BI17: =OFFSET(BI17,0,-1)+1 -> 39 | BJ17: =OFFSET(BJ17,0,-1)+1 -> 40 | BK17: =OFFSET(BK17,0,-1)+1 -> 41 | BL17: =OFFSET(BL17,0,-1)+1 -> 42 | BM17: =OFFSET(BM17,0,-1)+1 -> 43 | BN17: =OFFSET(BN17,0,-1) -> 43 | BO17: =OFFSET(BO17,0,-1)+1 -> 44 | BP17: =OFFSET(BP17,0,-1)+1 -> 45 | BR17: =OFFSET(BR17,0,-2)+1 -> 46 | BS17: =OFFSET(BS17,0,-1) -> 46 | BT17: =OFFSET(BT17,0,-1)+1 -> 47 | BU17: =OFFSET(BU17,0,-1)+1 -> 48 | BV17: =OFFSET(BV17,0,-1)+1 -> 49 | BW17: =OFFSET(BW17,0,-1)+1 -> 50 | BX17: =OFFSET(BX17,0,-1)+1 -> 51 | BY17: =OFFSET(BY17,0,-1)+1 -> 52 | BZ17: =OFFSET(BZ17,0,-1)+1 -> 53 | CA17: =OFFSET(CA17,0,-1)+1 -> 54 | CB17: =OFFSET(CB17,0,-1) -> 54 | CC17: =OFFSET(CC17,0,-1)+1 -> 55 | CD17: =OFFSET(CD17,0,-1)+1 -> 56 | CF17: =OFFSET(CF17,0,-2)+1 -> 57 | CG17: =OFFSET(CG17,0,-1) -> 57 | CH17: =OFFSET(CH17,0,-1)+1 -> 58 | CI17: =OFFSET(CI17,0,-1)+1 -> 59 | CJ17: =OFFSET(CJ17,0,-1)+1 -> 60 | CK17: =OFFSET(CK17,0,-1)+1 -> 61 | CL17: =OFFSET(CL17,0,-1)+1 -> 62 | CM17: =OFFSET(CM17,0,-1)+1 -> 63 | CN17: =OFFSET(CN17,0,-1)+1 -> 64 | CO17: =OFFSET(CO17,0,-1)+1 -> 65 | CP17: =OFFSET(CP17,0,-1) -> 65 | CQ17: =OFFSET(CQ17,0,-1)+1 -> 66 | CR17: =OFFSET(CR17,0,-1)+1 -> 67 | CT17: =OFFSET(CT17,0,-2)+1 -> 68 | CU17: =OFFSET(CU17,0,-1) -> 68 | CV17: =OFFSET(CV17,0,-1)+1 -> 69 | CW17: =OFFSET(CW17,0,-1)+1 -> 70 | CX17: =OFFSET(CX17,0,-1)+1 -> 71 | CY17: =OFFSET(CY17,0,-1)+1 -> 72 | CZ17: =OFFSET(CZ17,0,-1)+1 -> 73 | DA17: =OFFSET(DA17,0,-1)+1 -> 74 | DB17: =OFFSET(DB17,0,-1)+1 -> 75 | DC17: =OFFSET(DC17,0,-1)+1 -> 76 | DD17: =OFFSET(DD17,0,-1) -> 76 | DE17: =OFFSET(DE17,0,-1)+1 -> 77 | DF17: =OFFSET(DF17,0,-1)+1 -> 78 | DH17: =OFFSET(DH17,0,-2)+1 -> 79 | DI17: =OFFSET(DI17,0,-1) -> 79 | DJ17: =OFFSET(DJ17,0,-1)+1 -> 80 | DK17: =OFFSET(DK17,0,-1)+1 -> 81 | DL17: =OFFSET(DL17,0,-1)+1 -> 82 | DM17: =OFFSET(DM17,0,-1)+1 -> 83 | DN17: =OFFSET(DN17,0,-1)+1 -> 84 | DO17: =OFFSET(DO17,0,-1)+1 -> 85 | DP17: =OFFSET(DP17,0,-1)+1 -> 86 | DQ17: =OFFSET(DQ17,0,-1)+1 -> 87 | DR17: =OFFSET(DR17,0,-1) -> 87 | DS17: =OFFSET(DS17,0,-1)+1 -> 88 | DT17: =OFFSET(DT17,0,-1)+1 -> 89 | DV17: =OFFSET(DV17,0,-2)+1 -> 90 | DW17: =OFFSET(DW17,0,-1) -> 90 | DX17: =OFFSET(DX17,0,-1)+1 -> 91 | DY17: =OFFSET(DY17,0,-1)+1 -> 92 | DZ17: =OFFSET(DZ17,0,-1)+1 -> 93 | EA17: =OFFSET(EA17,0,-1)+1 -> 94 | EB17: =OFFSET(EB17,0,-1)+1 -> 95 | EC17: =OFFSET(EC17,0,-1)+1 -> 96 | ED17: =OFFSET(ED17,0,-1)+1 -> 97 | EE17: =OFFSET(EE17,0,-1)+1 -> 98 | EF17: =OFFSET(EF17,0,-1) -> 98 | EG17: =OFFSET(EG17,0,-1)+1 -> 99 | EH17: =OFFSET(EH17,0,-1)+1 -> 100 | EJ17: =OFFSET(EJ17,0,-2)+1 -> 101 | EK17: =OFFSET(EK17,0,-1) -> 101 | EL17: =OFFSET(EL17,0,-1)+1 -> 102 | EM17: =OFFSET(EM17,0,-1)+1 -> 103 | EN17: =OFFSET(EN17,0,-1)+1 -> 104 | EO17: =OFFSET(EO17,0,-1)+1 -> 105 | EP17: =OFFSET(EP17,0,-1)+1 -> 106 | EQ17: =OFFSET(EQ17,0,-1)+1 -> 107 | ER17: =OFFSET(ER17,0,-1)+1 -> 108 | ES17: =OFFSET(ES17,0,-1)+1 -> 109 | ET17: =OFFSET(ET17,0,-1) -> 109 | EU17: =OFFSET(EU17,0,-1)+1 -> 110 | EV17: =OFFSET(EV17,0,-1)+1 -> 111 | EX17: =OFFSET(EX17,0,-2)+1 -> 112 | EY17: =OFFSET(EY17,0,-1) -> 112 | EZ17: =OFFSET(EZ17,0,-1)+1 -> 113
A18: 1 | L18: =mergeValue(A18) -> 1 | M18: Наименование тарифа | O18: =IF('Перечень тарифов'!J21="","","" & 'Перечень тарифов'!J21 & "") -> тариф на горячую воду | EZ18: Указывается наименование тарифа в случае утверждения нескольких тарифов. В случае наличия нескольких тарифов информация по ним указывается в отдельных строках.
B19: 1 | L19: =mergeValue(A19) &"."& mergeValue(B19) -> 1.1
C20: 1 | L20: =mergeValue(A20) &"."& mergeValue(B20)&"."& mergeValue(C20) -> 1.1.1
D21: 1 | L21: =mergeValue(A21) &"."& mergeValue(B21)&"."& mergeValue(C21)&"."& mergeValue(D21) -> 1.1.1.1 | M21: Наименование признака дифференциации | EZ21: Указывается наименование дополнительного признака дифференциации (при наличии). Дифференциация тарифа осуществляется в соответствии с законодательством в сфере водоснабжения и водоотведения. В случае дифференциации тарифов по дополнительным признакам информация по ним указывается в отдельных строках.
E22: 1 | L22: =mergeValue(A22) &"."& mergeValue(B22)&"."& mergeValue(C22)&"."& mergeValue(D22)&"."& mergeValue(E22) -> 1.1.1.1.1 | M22: Группа потребителей | O22: прочие | EZ22: Указывается группа потребителей при наличии дифференциации тарифа по группам потребителей. Значение выбирается из перечня: Организации-перепродавцы; Бюджетные организации; Население; Прочие; Без дифференциации. В случае дифференциации тарифов группам потребителей информация по ним указывается в отдельных строках. | FB22: =strCheckUnique(FC22:FC26)
F23: 1 | L23: =mergeValue(A23) &"."& mergeValue(B23)&"."& mergeValue(C23)&"."& mergeValue(D23)&"."& mergeValue(E23)&"."& mergeValue(F23) -> 1.1.1.1.1.1 | U23: 15.5 | V23: 12.30169 | W23: 1833.17 | Y23: 01.01.2019 | Z23: да | AA23: 30.06.2019 | AB23: да | AI23: 15.87 | AJ23: 12.59693 | AK23: 1869.84 | AM23: 01.07.2019 | AN23: да | AO23: 31.12.2019 | AP23: да | AW23: 25.49 | AX23: 7.0762 | AY23: 1869.84 | BA23: 01.01.2020 | BB23: да | BC23: 30.06.2020 | BD23: да | BK23: 26.37 | BL23: 7.0762 | BM23: 1917.98 | BO23: 01.07.2020 | BP23: да | BQ23: 31.12.2020 | BR23: да | BY23: 26.37 | BZ23: 6.20761 | CA23: 2318.66 | CC23: 01.01.2021 | CD23: да | CE23: 30.06.2021 | CF23: да | CM23: 27.42 | CN23: 6.20761 | CO23: 2318.66 | CQ23: 01.07.2021 | CR23: да | CS23: 31.12.2021 | CT23: да | DA23: 27.42 | DB23: 4.87916 | DC23: 2411.4 | DE23: 01.01.2022 | DF23: да | DG23: 30.06.2022 | DH23: да | DO23: 28.52 | DP23: 4.87916 | DQ23: 2411.4 | DS23: 01.07.2022 | DT23: да | DU23: 31.12.2022 | DV23: да | EC23: 28.52 | ED23: 4.87916 | EE23: 2507.86 | EG23: 01.01.2023 | EH23: да | EI23: 30.06.2023 | EJ23: да | EQ23: 28.52 | ER23: 4.87916 | ES23: 2507.86 | EU23: 01.07.2023 | EV23: да | EW23: 31.12.2023 | EX23: нет | EZ23: В колонке «Параметр дифференциации тарифов» указывается значение дополнительного признака дифференциации, либо наименование поставщика в случае наличия дифференциации компонента двухставочного тарифа на холодную воду по поставщикам. При подаче предложения на двухставочный тариф колонка «Одноставочный тариф» не заполняется. При подаче предложения на одноставочный тариф колонки в блоке «Двухставочный тариф» не заполняются. В случае утверждения однокомпонентного двухставочного тарифа данные указываются только в блоке «Двухставочный тариф (однокомпонентный)». В случае утверждения двухкомпонентного двухставочного тарифа данные указываются только в блоке «Двухставочный тариф (двухкомпонентный)». Даты начала и окончания действия тарифов указываются в виде «ДД.ММ.ГГГГ». В случае отсутствия даты окончания действия тарифа в колонке «Дата окончания» указывается «Нет». В случае наличия нескольких значений признака дифференциации тарифов информация по ним указывается в отдельных строках. В случае дифференциации тарифов по периодам действия тарифа информация по ним указывается в отдельных колонках. В случае дифференциации компонента двухставочного тарифа на холодную воду по поставщикам строка "Значение признака дифференциации" не заполняется. В случае отстутствия дифференциации компонента двухставочного тарифа на холодную воду по поставщикам строка "Наименование поставщика" не заполняется. | FA23: =strCheckDate(O24:EY24) | FC23: =IF(M23="","",M23 )
R24: =Y23 & "-" & AA23 -> 01.01.2019-30.06.2019 | AF24: =AM23 & "-" & AO23 -> 01.07.2019-31.12.2019 | AT24: =BA23 & "-" & BC23 -> 01.01.2020-30.06.2020 | BH24: =BO23 & "-" & BQ23 -> 01.07.2020-31.12.2020 | BV24: =CC23 & "-" & CE23 -> 01.01.2021-30.06.2021 | CJ24: =CQ23 & "-" & CS23 -> 01.07.2021-31.12.2021 | CX24: =DE23 & "-" & DG23 -> 01.01.2022-30.06.2022 | DL24: =DS23 & "-" & DU23 -> 01.07.2022-31.12.2022 | DZ24: =EG23 & "-" & EI23 -> 01.01.2023-30.06.2023 | EN24: =EU23 & "-" & EW23 -> 01.07.2023-31.12.2023
M26: Добавить значение признака дифференциации
M27: Добавить группу потребителей
M28: Добавить наименование признака дифференциации
L30: 1 | M30: Для каждого вида тарифа в сфере горячего водоснабжения форма заполняется отдельно. При размещении информации по данной форме дополнительно указывается дата подачи заявления об утверждении(изменении) тарифа и его номер.

Sheet Форма 1.0.1 | Т-подкл(инд)
A1: 9
F2: Форма 1.0.1 Основные параметры раскрываемой информации 1
F4: Параметры формы | I4: Описание параметров формы
F5: № п/п | G5: Наименование параметра | H5: Информация
F6: 1 | G6: 2 | H6: 3 | I6: 4 | J6: 4
F7: 1 | G7: Дата заполнения/внесения изменений | H7: =IF(dateCh="","",dateCh) -> 15.04.2020 | I7: Указывается календарная дата первичного заполнения или внесения изменений в форму в виде «ДД.ММ.ГГГГ».
A8: 1 | F8: ="2." &mergeValue(A8) -> 2.1 | G8: Наименование централизованной системы коммунальной инфраструктуры | I8: Указывается наименование централизованной системы холодного водоснабжения/горячего водоснабжения/водоотведения/теплоснабжения, к которой относится размещаемая информация. В случае наличия нескольких централизованных систем коммунальной инфраструктуры, информация по каждой из них указывается в отдельной строке.
F9: ="3." &mergeValue(A9) -> 3.1 | G9: Наименование регулируемого вида деятельности | I9: Указывается наименование вида регулируемой деятельности.
F10: ="4."&mergeValue(A10) -> 4.1 | G10: Территория оказания услуги по регулируемому виду деятельности | H10: x
B11: 1 | F11: ="4."&mergeValue(A11) &"."&mergeValue(B11) -> 4.1.1 | G11: Субъект Российской Федерации | H11: =IF(region_name="","",region_name) -> Нижегородская область | I11: Указывается наименование субъекта Российской Федерации
C12: 1 | F12: ="4."&mergeValue(A12) &"."&mergeValue(B12)&"."&mergeValue(C12) -> 4.1.1.1 | G12: муниципальный район | I12: Указывается наименование муниципального района, на территории которого организация оказывает услуги по регулируемому виду деятельности.
D13: 1 | F13: ="4."&mergeValue(A13) &"."&mergeValue(B13)&"."&mergeValue(C13)&"."&mergeValue(D13) -> 4.1.1.1.1 | G13: муниципальное образование | I13: Указывается наименование и код муниципального района, муниципального образования в соответствии с Общероссийским классификатором территорий муниципальных образований (далее - ОКТМО), входящего в муниципальный район, на территории которого организация оказывает услуги по регулируемому виду деятельности. В случае оказания услуг по регулируемому виду деятельности на территории нескольких муниципальных районов (муниципальных образований) данные по каждому их них указываются в отдельной строке.
G14: Добавить МО
G15: Добавить МР
G16: Добавить территорию
G17: Добавить ЦС
G19: 1 Информация размещается при раскрытии информации по каждой из форм.

Sheet Форма 1.11.3 | Т-подкл(инд)
L5: Форма 1.11.3 Информация о предложении величин тарифов на подключение к централизованной системе горячего водоснабжения1
M8: ="Дата подачи заявления об "&IF(datePr_ch="","утверждении","изменении") & " тарифов" -> Дата подачи заявления об изменении тарифов | N8: =IF(datePr_ch="",IF(datePr="","",datePr),datePr_ch) -> 15.04.2020
M9: ="Номер подачи заявления об "&IF(numberPr_ch="","утверждении","изменении") & " тарифов" -> Номер подачи заявления об изменении тарифов | N9: =IF(numberPr_ch="",IF(numberPr="","",numberPr),numberPr_ch) -> 215
AD11: NDS | AE11: woNDS | AF11: NDS | AG11: woNDS
AK12: dp
L14: Параметры формы | AM14: Описание параметров формы
L15: № п/п | M15: Параметр дифференциации тарифа/Заявитель | N15: Подключаемая нагрузка водопроводной сети, куб. м/сут | R15: Диапазон диаметров водопроводной сети, мм | V15: Протяженность водопроводной сети, км | Z15: Условия прокладки сетей | AD15: Период действия тарифа | AK15: Наличие других периодов действия тарифа | AL15: Добавить период
AD16: Ставка тарифа за подключаемую нагрузку водопроводной сети, тыс. руб./куб. м в сутки | AF16: Ставка тарифа за протяженность водопроводной сети диаметром d, тыс. руб./км | AH16: Период действия
AD17: С НДС | AE17: Без НДС | AF17: С НДС | AG17: Без НДС | AH17: Дата начала | AI17: Дата окончания
K18: 1 | L18: 1 | M18: 2 | N18: =OFFSET(N18,0,-1)+1 -> 3 | R18: =OFFSET(R18,0,-4)+1 -> 4 | V18: =OFFSET(V18,0,-4)+1 -> 5 | AB18: =OFFSET(V18,0,0)+1 -> 6 | AC18: =AB18 -> 6 | AD18: =OFFSET(AD18,0,-1)+1 -> 7 | AE18: =OFFSET(AE18,0,-1)+1 -> 8 | AF18: =OFFSET(AF18,0,-1)+1 -> 9 | AG18: =OFFSET(AG18,0,-1)+1 -> 10 | AH18: =OFFSET(AH18,0,-1)+1 -> 11 | AI18: =OFFSET(AI18,0,-1)+1 -> 12 | AJ18: =OFFSET(AJ18,0,-1)+1 -> 13 | AK18: =OFFSET(AK18,0,-1)+1 -> 14 | AM18: 15
A19: 1 | L19: =mergeValue(A19) -> 1 | M19: Наименование тарифа | AM19: Указывается наименование тарифа в случае подачи предложения по нескольким тарифам. В случае наличия нескольких тарифов информация по ним указывается в отдельных строках.
B20: 1 | L20: =mergeValue(A20) &"."& mergeValue(B20) -> 1.1 | M20: Территория действия тарифа | AM20: Указывается наименование территории действия тарифа при наличии дифференциации тарифа по территориальному признаку. В случае дифференциации тарифов по территориальному признаку информация по ним указывается в отдельных строках.
C21: 1 | L21: =mergeValue(A21) &"."& mergeValue(B21)&"."& mergeValue(C21) -> 1.1.1 | M21: Наименование централизованной системы горячего водоснабжения | AM21: Указывается наименование централизованной системы горячего водоснабжения при наличии дифференциации тарифа по централизованным системам горячего водоснабжения. В случае дифференциации тарифов по централизованным системам горячего водоснабжения информация по ним указывается в отдельных строках.
D22: 1 | L22: =mergeValue(A22) &"."& mergeValue(B22)&"."& mergeValue(C22)&"."& mergeValue(D22) -> 1.1.1.1 | N22: да | P22: 1 | R22: нет | T22: 1 | V22: нет | X22: 1 | Z22: нет | AB22: 1 | AI22: да | AK22: нет | AM22: В колодке «Параметр дифференциации тарифа/Заявитель» указывается наименование категории потребителей/заявителя, к которой относится тариф. Даты начала и окончания указываются в виде «ДД.ММ.ГГГГ». В случае отсутствия даты окончания тарифа в колонке «Дата окончания» указывается «Нет». В случае наличия дифференциации по категориям потребителей/заявителям, подключаемой нагрузке, диапазону диаметров, протяженности, условиям прокладки водопроводной сети информация по ним указывается в отдельных строках. В случае дифференциации по периодам действия тарифа информация по ним указывается в отдельных колонках. | AN22: =strCheckDateOnDP(V22:AL22,List06_9_DP) | AO22: =IF(AND(COUNTIF(AP18:AP26,AP22)>1,AP22<>""),"ErrUnique:HasDoubleConn","")
AG23: =AH22 & "-" & AJ22 -> - | AK23: нет
Q26: Добавить подключаемую нагрузку
M27: Добавить строку
M28: Добавить наименование системы водоснабжения
M29: Добавить территорию действия тарифа
M30: Добавить наименование тарифа
L32: 1 | M32: При размещении информации дополнительно указывается дата подачи заявления об утверждении(изменении) тарифа и его номер.

Sheet Форма 1.0.1 | Т-подкл
A1: 10
F2: Форма 1.0.1 Основные параметры раскрываемой информации 1
F4: Параметры формы | I4: Описание параметров формы
F5: № п/п | G5: Наименование параметра | H5: Информация
F6: 1 | G6: 2 | H6: 3 | I6: 4 | J6: 4
F7: 1 | G7: Дата заполнения/внесения изменений | H7: =IF(dateCh="","",dateCh) -> 15.04.2020 | I7: Указывается календарная дата первичного заполнения или внесения изменений в форму в виде «ДД.ММ.ГГГГ».
A8: 1 | F8: ="2." &mergeValue(A8) -> 2.1 | G8: Наименование централизованной системы коммунальной инфраструктуры | I8: Указывается наименование централизованной системы холодного водоснабжения/горячего водоснабжения/водоотведения/теплоснабжения, к которой относится размещаемая информация. В случае наличия нескольких централизованных систем коммунальной инфраструктуры, информация по каждой из них указывается в отдельной строке.
F9: ="3." &mergeValue(A9) -> 3.1 | G9: Наименование регулируемого вида деятельности | I9: Указывается наименование вида регулируемой деятельности.
F10: ="4."&mergeValue(A10) -> 4.1 | G10: Территория оказания услуги по регулируемому виду деятельности | H10: x
B11: 1 | F11: ="4."&mergeValue(A11) &"."&mergeValue(B11) -> 4.1.1 | G11: Субъект Российской Федерации | H11: =IF(region_name="","",region_name) -> Нижегородская область | I11: Указывается наименование субъекта Российской Федерации
C12: 1 | F12: ="4."&mergeValue(A12) &"."&mergeValue(B12)&"."&mergeValue(C12) -> 4.1.1.1 | G12: муниципальный район | I12: Указывается наименование муниципального района, на территории которого организация оказывает услуги по регулируемому виду деятельности.
D13: 1 | F13: ="4."&mergeValue(A13) &"."&mergeValue(B13)&"."&mergeValue(C13)&"."&mergeValue(D13) -> 4.1.1.1.1 | G13: муниципальное образование | I13: Указывается наименование и код муниципального района, муниципального образования в соответствии с Общероссийским классификатором территорий муниципальных образований (далее - ОКТМО), входящего в муниципальный район, на территории которого организация оказывает услуги по регулируемому виду деятельности. В случае оказания услуг по регулируемому виду деятельности на территории нескольких муниципальных районов (муниципальных образований) данные по каждому их них указываются в отдельной строке.
G14: Добавить МО
G15: Добавить МР
G16: Добавить территорию
G17: Добавить ЦС
G19: 1 Информация размещается при раскрытии информации по каждой из форм.

Sheet Форма 1.11.3 | Т-подкл
L5: Форма 1.11.3 Информация о предложении величин тарифов на подключение к централизованной системе горячего водоснабжения1
M8: ="Дата подачи заявления об "&IF(datePr_ch="","утверждении","изменении") & " тарифов" -> Дата подачи заявления об изменении тарифов | N8: =IF(datePr_ch="",IF(datePr="","",datePr),datePr_ch) -> 15.04.2020
M9: ="Номер подачи заявления об "&IF(numberPr_ch="","утверждении","изменении") & " тарифов" -> Номер подачи заявления об изменении тарифов | N9: =IF(numberPr_ch="",IF(numberPr="","",numberPr),numberPr_ch) -> 215
AC11: NDS | AD11: woNDS | AE11: NDS | AF11: woNDS
AJ12: dp
L14: Параметры формы | AL14: Описание параметров формы
L15: № п/п | M15: Параметр дифференциации тарифа/Заявитель | N15: Подключаемая нагрузка водопроводной сети, куб. м/сут | Q15: Диапазон диаметров водопроводной сети, мм | U15: Протяженность водопроводной сети, км | Y15: Условия прокладки сетей | AC15: Период действия тарифа | AJ15: Наличие других периодов действия тарифа | AK15: Добавить период
AC16: Ставка тарифа за подключаемую нагрузку водопроводной сети, тыс. руб./куб. м в сут | AE16: Ставка тарифа за протяженность водопроводной сети диаметром d, тыс. руб./км | AG16: Период действия
AC17: С НДС | AD17: Без НДС | AE17: С НДС | AF17: Без НДС | AG17: Дата начала | AH17: Дата окончания
K18: 1 | L18: 1 | M18: 2 | N18: =OFFSET(N18,0,-1)+1 -> 3 | Q18: =OFFSET(Q18,0,-3)+1 -> 4 | U18: =OFFSET(U18,0,-4)+1 -> 5 | AA18: =OFFSET(U18,0,0)+1 -> 6 | AB18: =AA18 -> 6 | AC18: =OFFSET(AC18,0,-1)+1 -> 7 | AD18: =OFFSET(AD18,0,-1)+1 -> 8 | AE18: =OFFSET(AE18,0,-1)+1 -> 9 | AF18: =OFFSET(AF18,0,-1)+1 -> 10 | AG18: =OFFSET(AG18,0,-1)+1 -> 11 | AH18: =OFFSET(AH18,0,-1)+1 -> 12 | AI18: =OFFSET(AI18,0,-1)+1 -> 13 | AJ18: =OFFSET(AJ18,0,-1)+1 -> 14 | AL18: 15
A19: 1 | L19: =mergeValue(A19) -> 1 | M19: Наименование тарифа | AL19: Указывается наименование тарифа в случае подачи предложения по нескольким тарифам. В случае наличия нескольких тарифов информация по ним указывается в отдельных строках.
B20: 1 | L20: =mergeValue(A20) &"."& mergeValue(B20) -> 1.1 | M20: Территория действия тарифа | AL20: Указывается наименование территории действия тарифа при наличии дифференциации тарифа по территориальному признаку. В случае дифференциации тарифов по территориальному признаку информация по ним указывается в отдельных строках.
C21: 1 | L21: =mergeValue(A21) &"."& mergeValue(B21)&"."& mergeValue(C21) -> 1.1.1 | M21: Наименование централизованной системы горячего водоснабжения | AL21: Указывается наименование централизованной системы горячего водоснабжения при наличии дифференциации тарифа по централизованным системам горячего водоснабжения. В случае дифференциации тарифов по централизованным системам горячего водоснабжения информация по ним указывается в отдельных строках.
D22: 1 | L22: =mergeValue(A22) &"."& mergeValue(B22)&"."& mergeValue(C22)&"."& mergeValue(D22) -> 1.1.1.1 | O22: 1 | Q22: нет | S22: 1 | U22: нет | W22: 1 | Y22: нет | AA22: 1 | AH22: да | AJ22: нет | AL22: В колодке «Параметр дифференциации тарифа/Заявитель» указывается наименование категории потребителей/заявителя, к которой относится тариф. Даты начала и окончания указываются в виде «ДД.ММ.ГГГГ». В случае отсутствия даты окончания тарифа в колонке «Дата окончания» указывается «Нет». В случае наличия дифференциации по категориям потребителей/заявителям, подключаемой нагрузке, диапазону диаметров, протяженности, условиям прокладки водопроводной сети информация по ним указывается в отдельных строках. В случае дифференциации по периодам действия тарифа информация по ним указывается в отдельных колонках. | AM22: =strCheckDateOnDP(AC22:AK22,List06_10_DP) | AN22: =IF(AND(COUNTIF(AO18:AO26,AO22)>1,AO22<>""),"ErrUnique:HasDoubleConn","")
AF23: =AG22 & "-" & AI22 -> - | AJ23: нет
P26: Добавить подключаемую нагрузку
M27: Добавить строку
M28: Добавить наименование системы водоснабжения
M29: Добавить территорию действия тарифа
M30: Добавить наименование тарифа
L32: 1 | M32: При размещении информации дополнительно указывается дата подачи заявления об утверждении(изменении) тарифа и его номер.

Sheet Форма 1.0.2
D5: Форма 1.0.2 Информация о публикации в печатных изданиях 2
D8: Параметры формы | K8: Описание параметров формы
D9: № п/п | E9: Форма публикации | G9: Официальное печатное издание
E10: Номер | F10: Наименование | G10: Наименование | H10: Номер | I10: Дата выпуска | J10: Ссылка на документ
D11: 1 | E11: 2 | F11: 3 | G11: 4 | H11: 5 | I11: 6 | J11: 7 | K11: 8
A12: 3 | D12: 1 | K12: В колонке «Дата выпуска» дата выпуска печатного издания указывается в виде «ДД.ММ.ГГГГ». В колонке «Ссылка на документ» указывается ссылка на отсканированную копию печатного издания, предварительно загруженную в хранилище федеральной государственной информационной системы «Единая информационно-аналитическая система «Федеральный орган регулирования - региональные органы регулирования - субъекты регулирования» (далее – ФГИС ЕИАС), с опубликованной информацией. В случае публикации информации в нескольких печатных изданиях информация по каждому из них указывается в отдельной строке. | M12: =IF(ISERROR(INDEX(kind_of_nameforms,MATCH(E12,kind_of_forms,0),1)),"",INDEX(kind_of_nameforms,MATCH(E12,kind_of_forms,0),1))
E13: Добавить строку
E15: 2 Размещается информация по каждой из форм раскрытия, данные в которой относятся к муниципальному образованию, в котором отсутствует доступ в сеть «Интернет».

Sheet Сведения об изменении
D7: Сведения об изменениях в первоначально опубликованной информации*
D9: № п/п | E9: Сведения
D10: 1 | E10: 2
D11: 0
D12: 1 | E12: Изменение Решения РСТ НО 55/94 от 20.12.2018г.
E13: Добавить
D15: * Лист заполняется в случае, если на Титульном листе в поле "Тип отчета" выбрано значение «Изменения в раскрытой ранее информации».

Sheet Комментарии
D7: Комментарии
D9: № п/п | E9: Комментарий
D10: 1 | E10: 2
D11: 0
E12: Добавить

Sheet Проверка
B2: Результат проверки
B4: Ссылка | C4: Причина | D4: Статус

Sheet et_union_hor
A2: et_Comm
A7: et_List02(_1,_2,_3)
D9: 1 | G9: нет | I9: 1 | K9: нет | M9: 1 | O9: нет | Q9: 1
R10: Добавить ЦС ГВС для дифференциации
N11: Добавить территорию для дифференциации
I14: 1 | K14: нет | M14: 1 | O14: нет | Q14: 1
R15: Добавить ЦС ГВС для дифференциации
N16: Добавить территорию для дифференциации
A19: et_List06(_1,_2,_3) | C19: 1
O25: Величина установленного тарифа | R25: Срок действия цены (тарифа) на тепловую энергию (мощность) | U25: Наличие других периодов действия тарифа
O26: Одноставочный тариф, руб./Гкал | P26: Двухставочный тариф
P27: ставка за тепловую энергию, руб./Гкал | Q27: ставка за содержание тепловой мощности, тыс.руб./Гкал/ч/мес | R27: дата начала | S27: дата окончания
M28: 7
A29: 1 | L29: =mergeValue(A29) -> 1 | M29: Наименование тарифа | W29: Указывается наименование тарифа в случае утверждения нескольких тарифов. В случае наличия нескольких тарифов информация по ним указывается в отдельных строках.
B30: 1 | L30: =mergeValue(A30) &"."& mergeValue(B30) -> 1.1 | M30: Территория действия тарифа | W30: Указывается наименование территории действия тарифа при наличии дифференциации тарифа по территориальному признаку. В случае дифференциации тарифов по территориальному признаку информация по ним указывается в отдельных строках.
C31: 1 | L31: =mergeValue(A31) &"."& mergeValue(B31)&"."& mergeValue(C31) -> 1.1.1 | M31: Наименование централизованной системы горячего водоснабжения | W31: Указывается наименование централизованной системы горячего водоснабжения при наличии дифференциации тарифа по централизованным системам горячего водоснабжения. В случае дифференциации тарифов по централизованным системам горячего водоснабжения информация по ним указывается в отдельных строках.
D32: 1 | L32: =mergeValue(A32) &"."& mergeValue(B32)&"."& mergeValue(C32)&"."& mergeValue(D32) -> 1.1.1.1 | M32: Наименование признака дифференциации | W32: Указывается наименование дополнительного признака дифференциации (при наличии). Дифференциация тарифа осуществляется в соответствии с законодательством в сфере водоснабжении и водоотведении. В случае дифференциации тарифов по дополнительным признакам информация по ним указывается в отдельных строках.
E33: 1 | L33: =mergeValue(A33) &"."& mergeValue(B33)&"."& mergeValue(C33)&"."& mergeValue(D33)&"."& mergeValue(E33) -> 1.1.1.1.1 | M33: Группа потребителей | W33: Указывается группа потребителей при наличии дифференциации тарифа по группам потребителей. Значение выбирается из перечня: Организации-перепродавцы; Бюджетные организации; Население; Прочие; Без дифференциации. В случае дифференциации тарифов группам потребителей информация по ним указывается в отдельных строках. | Y33: =strCheckUnique(Z33:Z36)
F34: 1 | L34: =mergeValue(A34) &"."& mergeValue(B34)&"."& mergeValue(C34)&"."& mergeValue(D34)&"."& mergeValue(E34)&"."& mergeValue(F34) -> 1.1.1.1.1.1 | S34: да | U34: нет | W34: В колонке «Параметр дифференциации тарифов» указывается значение дополнительного признака дифференциации. При утверждении двухставочного тарифа колонка «Одноставочный тариф» не заполняется. При утверждении одноставочного тарифа колонки в блоке «Двухставочный тариф» не заполняются. Даты начала и окончания действия тарифов указываются в виде «ДД.ММ.ГГГГ». В случае отсутствия даты окончания действия тарифа в колонке «Дата окончания» указывается «Нет». В случае наличия нескольких значений признака дифференциации тарифов информация по ним указывается в отдельных строках. В случае дифференциации тарифов по периодам действия тарифа информация по ним указывается в отдельных колонках. | X34: =strCheckDate(O35:V35) | Z34: =IF(M34="","",M34 )
Q35: =R34 & "-" & T34 -> -
M36: Добавить значение признака дифференциации
M37: Добавить группу потребителей
M38: Добавить наименование признака дифференциации
M39: Добавить наименование системы водоснабжения
M40: Добавить территорию действия тарифа
M41: Добавить наименование тарифа
A43: et_List06(_1,_2,_3) | C43: 2
A45: 1 | L45: =mergeValue(A45) -> 1 | M45: Наименование тарифа | W45: Указывается наименование тарифа в случае подачи предложения по нескольким тарифам. В случае наличия нескольких тарифов информация по ним указывается в отдельных строках.
B46: 1 | L46: =mergeValue(A46) &"."& mergeValue(B46) -> 1.1 | M46: Территория действия тарифа | W46: Указывается наименование территории действия тарифа при наличии дифференциации тарифа по территориальному признаку. В случае дифференциации тарифов по территориальному признаку информация по ним указывается в отдельных строках.
C47: 1 | L47: =mergeValue(A47) &"."& mergeValue(B47)&"."& mergeValue(C47) -> 1.1.1 | M47: Наименование централизованной системы горячего водоснабжения | W47: Указывается наименование централизованной системы горячего водоснабжения при наличии дифференциации тарифа по централизованным системам горячего водоснабжения. В случае дифференциации тарифов по централизованным системам горячего водоснабжения информация по ним указывается в отдельных строках.
D48: 1 | L48: =mergeValue(A48) &"."& mergeValue(B48)&"."& mergeValue(C48)&"."& mergeValue(D48) -> 1.1.1.1 | M48: Наименование признака дифференциации | W48: Указывается наименование дополнительного признака дифференциации (при наличии). Дифференциация тарифа осуществляется в соответствии с законодательством в сфере водоснабжения и водоотведения. В случае дифференциации тарифов по дополнительным признакам информация по ним указывается в отдельных строках.
E49: 1 | L49: =mergeValue(A49) &"."& mergeValue(B49)&"."& mergeValue(C49)&"."& mergeValue(D49)&"."& mergeValue(E49) -> 1.1.1.1.1 | M49: Группа потребителей | W49: Указывается группа потребителей при наличии дифференциации тарифа по группам потребителей. Значение выбирается из перечня: Организации-перепродавцы; Бюджетные организации; Население; Прочие; Без дифференциации. В случае дифференциации тарифов группам потребителей информация по ним указывается в отдельных строках. | Y49: =strCheckUnique(Z49:Z52)
F50: 1 | L50: =mergeValue(A50) &"."& mergeValue(B50)&"."& mergeValue(C50)&"."& mergeValue(D50)&"."& mergeValue(E50)&"."& mergeValue(F50) -> 1.1.1.1.1.1 | S50: да | U50: нет | W50: В колонке «Параметр дифференциации тарифов» указывается наименование поставщика в случае наличия дифференциации компонента двухставочного тарифа на холодную воду по поставщикам. При подаче предложения на двухставочный тариф колонка «Одноставочный тариф» не заполняется. При подаче предложения на одноставочный тариф колонки в блоке «Двухставочный тариф» не заполняются. В случае однокомпонентного двухставочного тарифа данные указываются только в блоке «Двухставочный тариф (однокомпонентный)». В случае двухкомпонентного двухставочного тарифа данные указываются только в блоке «Двухставочный тариф (двухкомпонентный)» Даты начала и окончания действия тарифов указываются в виде «ДД.ММ.ГГГГ». В случае отсутствия даты окончания действия тарифа в колонке «Дата окончания» указывается «Нет». В случае дифференциации тарифа по периодам действия тарифа информация по ним указывается в отдельных колонках. В случае отсутствия дифференциации компонента двухставочного тарифа на холодную воду по поставщикам данная строка не заполняется. В случае дифференциации компонента двухставочного тарифа на холодную воду по поставщикам информация по ним указывается в отдельных строках. | X50: =strCheckDate(O51:V51) | Z50: =IF(M50="","",M50 )
Q51: =R50 & "-" & T50 -> -
M52: Добавить значение признака дифференциации
M53: Добавить группу потребителей
M54: Добавить наименование признака дифференциации
M55: Добавить наименование системы водоснабжения
M56: Добавить территорию действия тарифа
M57: Добавить наименование тарифа
A59: et_List06(_1,_2,_3) | C59: 3
A61: 1 | L61: =mergeValue(A61) -> 1 | M61: Наименование тарифа | W61: Указывается наименование тарифа в случае утверждения нескольких тарифов. В случае наличия нескольких тарифов информация по ним указывается в отдельных строках.
B62: 1 | L62: =mergeValue(A62) &"."& mergeValue(B62) -> 1.1 | M62: Территория действия тарифа | W62: Указывается наименование территории действия тарифа при наличии дифференциации тарифа по территориальному признаку. В случае дифференциации тарифов по территориальному признаку информация по ним указывается в отдельных строках.
C63: 1 | L63: =mergeValue(A63) &"."& mergeValue(B63)&"."& mergeValue(C63) -> 1.1.1 | M63: Наименование централизованной системы горячего водоснабжения | W63: Указывается наименование централизованной системы горячего водоснабжения при наличии дифференциации тарифа по централизованным системам горячего водоснабжения. В случае дифференциации тарифов по централизованным системам горячего водоснабжения информация по ним указывается в отдельных строках.
D64: 1 | L64: =mergeValue(A64) &"."& mergeValue(B64)&"."& mergeValue(C64)&"."& mergeValue(D64) -> 1.1.1.1 | M64: Наименование признака дифференциации | W64: Указывается наименование дополнительного признака дифференциации (при наличии). Дифференциация тарифа осуществляется в соответствии с законодательством в сфере водоснабжении и водоотведении. В случае дифференциации тарифов по дополнительным признакам информация по ним указывается в отдельных строках.
E65: 1 | L65: =mergeValue(A65) &"."& mergeValue(B65)&"."& mergeValue(C65)&"."& mergeValue(D65)&"."& mergeValue(E65) -> 1.1.1.1.1 | M65: Группа потребителей | W65: Указывается группа потребителей при наличии дифференциации тарифа по группам потребителей. Значение выбирается из перечня: Организации-перепродавцы; Бюджетные организации; Население; Прочие; Без дифференциации. В случае дифференциации тарифов группам потребителей информация по ним указывается в отдельных строках. | Y65: =strCheckUnique(Z65:Z68)
F66: 1 | L66: =mergeValue(A66) &"."& mergeValue(B66)&"."& mergeValue(C66)&"."& mergeValue(D66)&"."& mergeValue(E66)&"."& mergeValue(F66) -> 1.1.1.1.1.1 | S66: да | U66: нет | W66: В колонке «Параметр дифференциации тарифов» указывается значение дополнительного признака дифференциации. При утверждении двухставочного тарифа колонка «Одноставочный тариф» не заполняется. При утверждении одноставочного тарифа колонки в блоке «Двухставочный тариф» не заполняются. Даты начала и окончания действия тарифов указываются в виде «ДД.ММ.ГГГГ». В случае отсутствия даты окончания действия тарифа в колонке «Дата окончания» указывается «Нет». В случае наличия нескольких значений признака дифференциации тарифов информация по ним указывается в отдельных строках. В случае дифференциации тарифов по периодам действия тарифа информация по ним указывается в отдельных колонках. | X66: =strCheckDate(O67:V67) | Z66: =IF(M66="","",M66 )
Q67: =R66 & "-" & T66 -> -
M68: Добавить значение признака дифференциации
M69: Добавить группу потребителей
M70: Добавить наименование признака дифференциации
M71: Добавить наименование системы водоснабжения
M72: Добавить территорию действия тарифа
M73: Добавить наименование тарифа
A75: et_List06(_1,_2,_3) | C75: 4
A77: 1 | L77: =mergeValue(A77) -> 1 | M77: Наименование тарифа | W77: Указывается наименование тарифа в случае утверждения нескольких тарифов. В случае наличия нескольких тарифов информация по ним указывается в отдельных строках.
B78: 1 | L78: =mergeValue(A78) &"."& mergeValue(B78) -> 1.1 | M78: Территория действия тарифа | W78: Указывается наименование территории действия тарифа при наличии дифференциации тарифа по территориальному признаку. В случае дифференциации тарифов по территориальному признаку информация по ним указывается в отдельных строках.
C79: 1 | L79: =mergeValue(A79) &"."& mergeValue(B79)&"."& mergeValue(C79) -> 1.1.1 | M79: Наименование централизованной системы горячего водоснабжения | W79: Указывается наименование централизованной системы горячего водоснабжения при наличии дифференциации тарифа по централизованным системам горячего водоснабжения. В случае дифференциации тарифов по централизованным системам горячего водоснабжения информация по ним указывается в отдельных строках.
D80: 1 | L80: =mergeValue(A80) &"."& mergeValue(B80)&"."& mergeValue(C80)&"."& mergeValue(D80) -> 1.1.1.1 | M80: Наименование признака дифференциации | W80: Указывается наименование дополнительного признака дифференциации (при наличии). Дифференциация тарифа осуществляется в соответствии с законодательством в сфере водоснабжении и водоотведении. В случае дифференциации тарифов по дополнительным признакам информация по ним указывается в отдельных строках.
E81: 1 | L81: =mergeValue(A81) &"."& mergeValue(B81)&"."& mergeValue(C81)&"."& mergeValue(D81)&"."& mergeValue(E81) -> 1.1.1.1.1 | M81: Группа потребителей | W81: Указывается группа потребителей при наличии дифференциации тарифа по группам потребителей. Значение выбирается из перечня: Организации-перепродавцы; Бюджетные организации; Население; Прочие; Без дифференциации. В случае дифференциации тарифов группам потребителей информация по ним указывается в отдельных строках. | Y81: =strCheckUnique(Z81:Z84)
F82: 1 | L82: =mergeValue(A82) &"."& mergeValue(B82)&"."& mergeValue(C82)&"."& mergeValue(D82)&"."& mergeValue(E82)&"."& mergeValue(F82) -> 1.1.1.1.1.1 | S82: да | U82: нет | W82: В колонке «Параметр дифференциации тарифов» указывается значение дополнительного признака дифференциации. При утверждении двухставочного тарифа колонка «Одноставочный тариф» не заполняется. При утверждении одноставочного тарифа колонки в блоке «Двухставочный тариф» не заполняются. Даты начала и окончания действия тарифов указываются в виде «ДД.ММ.ГГГГ». В случае отсутствия даты окончания действия тарифа в колонке «Дата окончания» указывается «Нет». В случае наличия нескольких значений признака дифференциации тарифов информация по ним указывается в отдельных строках. В случае дифференциации тарифов по периодам действия тарифа информация по ним указывается в отдельных колонках. | X82: =strCheckDate(O83:V83) | Z82: =IF(M82="","",M82 )
Q83: =R82 & "-" & T82 -> -
M84: Добавить значение признака дифференциации
M85: Добавить группу потребителей
M86: Добавить наименование признака дифференциации
M87: Добавить наименование системы водоснабжения
M88: Добавить территорию действия тарифа
M89: Добавить наименование тарифа
G90: et_List06(_1,_2,_3) | I90: 5
A92: 1 | L92: =mergeValue(A92) -> 1 | M92: Наименование тарифа | EZ92: Указывается наименование тарифа в случае утверждения нескольких тарифов. В случае наличия нескольких тарифов информация по ним указывается в отдельных строках.
B93: 1 | L93: =mergeValue(A93) &"."& mergeValue(B93) -> 1.1 | M93: Территория действия тарифа | EZ93: Указывается наименование территории действия тарифа при наличии дифференциации тарифа по территориальному признаку. В случае дифференциации тарифов по территориальному признаку информация по ним указывается в отдельных строках.
C94: 1 | L94: =mergeValue(A94) &"."& mergeValue(B94)&"."& mergeValue(C94) -> 1.1.1 | M94: Наименование централизованной системы горячего водоснабжения | EZ94: Указывается наименование централизованной системы горячего водоснабжения при наличии дифференциации тарифа по централизованным системам горячего водоснабжения. В случае дифференциации тарифов по централизованным системам горячего водоснабжения информация по ним указывается в отдельных строках.
D95: 1 | L95: =mergeValue(A95) &"."& mergeValue(B95)&"."& mergeValue(C95)&"."& mergeValue(D95) -> 1.1.1.1 | M95: Наименование признака дифференциации | EZ95: Указывается наименование дополнительного признака дифференциации (при наличии). Дифференциация тарифа осуществляется в соответствии с законодательством в сфере водоснабжения и водоотведения. В случае дифференциации тарифов по дополнительным признакам информация по ним указывается в отдельных строках.
E96: 1 | L96: =mergeValue(A96) &"."& mergeValue(B96)&"."& mergeValue(C96)&"."& mergeValue(D96)&"."& mergeValue(E96) -> 1.1.1.1.1 | M96: Группа потребителей | EZ96: Указывается группа потребителей при наличии дифференциации тарифа по группам потребителей. Значение выбирается из перечня: Организации-перепродавцы; Бюджетные организации; Население; Прочие; Без дифференциации. В случае дифференциации тарифов группам потребителей информация по ним указывается в отдельных строках. | FB96: =strCheckUnique(FC96:FC100)
F97: 1 | L97: =mergeValue(A97) &"."& mergeValue(B97)&"."& mergeValue(C97)&"."& mergeValue(D97)&"."& mergeValue(E97)&"."& mergeValue(F97) -> 1.1.1.1.1.1 | Z97: да | AB97: да | AN97: да | AP97: да | BB97: да | BD97: да | BP97: да | BR97: да | CD97: да | CF97: да | CR97: да | CT97: да | DF97: да | DH97: да | DT97: да | DV97: да | EH97: да | EJ97: да | EV97: да | EX97: нет | EZ97: В колонке «Параметр дифференциации тарифов» указывается значение дополнительного признака дифференциации, либо наименование поставщика в случае наличия дифференциации компонента двухставочного тарифа на холодную воду по поставщикам. При подаче предложения на двухставочный тариф колонка «Одноставочный тариф» не заполняется. При подаче предложения на одноставочный тариф колонки в блоке «Двухставочный тариф» не заполняются. В случае утверждения однокомпонентного двухставочного тарифа данные указываются только в блоке «Двухставочный тариф (однокомпонентный)». В случае утверждения двухкомпонентного двухставочного тарифа данные указываются только в блоке «Двухставочный тариф (двухкомпонентный)». Даты начала и окончания действия тарифов указываются в виде «ДД.ММ.ГГГГ». В случае отсутствия даты окончания действия тарифа в колонке «Дата окончания» указывается «Нет». В случае наличия нескольких значений признака дифференциации тарифов информация по ним указывается в отдельных строках. В случае дифференциации тарифов по периодам действия тарифа информация по ним указывается в отдельных колонках. В случае дифференциации компонента двухставочного тарифа на холодную воду по поставщикам строка "Значение признака дифференциации" не заполняется. В случае отстутствия дифференциации компонента двухставочного тарифа на холодную воду по поставщикам строка "Наименование поставщика" не заполняется. | FA97: =strCheckDate(O98:EY98) | FC97: =IF(M97="","",M97 )
R98: =Y97 & "-" & AA97 -> - | AF98: =AM97 & "-" & AO97 -> - | AT98: =BA97 & "-" & BC97 -> - | BH98: =BO97 & "-" & BQ97 -> - | BV98: =CC97 & "-" & CE97 -> - | CJ98: =CQ97 & "-" & CS97 -> - | CX98: =DE97 & "-" & DG97 -> - | DL98: =DS97 & "-" & DU97 -> - | DZ98: =EG97 & "-" & EI97 -> - | EN98: =EU97 & "-" & EW97 -> -
M100: Добавить значение признака дифференциации
M101: Добавить группу потребителей
M102: Добавить наименование признака дифференциации
M103: Добавить наименование системы водоснабжения
M104: Добавить территорию действия тарифа
M105: Добавить наименование тарифа
G106: 1 | L106: 2 | Z106: нет | AN106: нет | BB106: нет | BP106: нет | CD106: нет | CR106: нет | DF106: нет | DT106: нет | EH106: нет | EV106: нет
G109: et_List06(_1,_2,_3) | I109: 6
L111: 1 | M111: Наименование тарифа
L112: 1.1 | M112: Территория действия тарифа
L113: 1.1.1 | M113: Наименование системы теплоснабжения
L114: 1.1.1.1 | M114: Источник тепловой энергии
L116: 1.1.1.1.1.1 | M116: Группа потребителей | Y116: =strCheckUnique(Z116:Z119)
H117: 1 | S117: да | U117: нет | X117: =strCheckDate(O118:V118) | Z117: =IF(M117="","",M117 )
Q118: =R117 & "-" & T117 -> -
M119: Добавить вид теплоносителя (параметры теплоносителя)
M120: Добавить группу потребителей
M122: Добавить источник тепловой энергии
M123: Добавить наименование системы теплоснабжения
M124: Добавить территорию действия тарифа
G126: et_List06(_1,_2,_3) | I126: 7
L128: 1 | M128: Наименование тарифа
L129: 1.1 | M129: Территория действия тарифа
L130: 1.1.1 | M130: Наименование системы теплоснабжения
...

Sheet TEHSHEET
A1: REGION | B1: year_list1 | C1: year_list | D1: logical | E1: Месяц (MONTH) | F1: Квартал (QUARTER) | G1: Месяц (kind_of_publication) | H1: НДС /kind_of_NDS/ | I1: Номер СЦХВ(СЦВО) /SKI_number/ | J1: Единица измерения объема оказываемых услуг ГВС /kind_of_unit_GVS/ | K1: Метод регулирования /kind_of_control_method/ | N1: Вид деятельности, на которую установлен тариф /kind_of_activity_WARM/ | O1: Вид теплоносителя (kind_of_heat_transfer) | P1: Тип данных (kind_of_data_type) | Q1: Схема подключения (kind_of_scheme_in) (kind_of_scheme_in2) | R1: Группы потребителей (kind_of_cons) | S1: Тип прокладки тепловых сетей (kind_of_nets) | T1: Диапазаны диаметров тепловых сетей (kind_of_diameters) | U1: Подключаемая тепловая нагрузка (kind_of_load) | W1: Форма 2, таблица Х | X1: виды тарифа /kind_group_rates/ | Y1: Заголовок таблицы | AA1: name_rates_4 | AC1: name_rates_8 | AF1: Подключаемая тепловая нагрузка (kind_of_load3) | AH1: Вид теплоносителя (kind_of_heat_transfer2) | AI1: Вид теплоносителя (kind_of_heat_transfer3) | AK1: Вид топлива (kind_of_fuel) | AM1: Способ закупки товаров (kind_of_zak) | AP1: виды тарифа /kind_group_rates_load/ | AQ1: виды тарифа /kind_group_rates_load_filter/ | AS1: виды признаков дифференциации /kind_of_diff/ | AU1: Диапазаны диаметров водопроводных сетей (kind_of_diameters2) | AW1: List_H | AX1: List_M | AZ1: Перечень форм (kind_of_forms)
A2: Алтайский край | B2: 2000 | C2: 2013 | D2: да | E2: январь | F2: I квартал | G2: На официальном сайте организации | H2: общий | I2: 1 | J2: тыс.куб.м/сутки | K2: метод экономически обоснованных расходов (затрат) | L2: метод экономически обоснованных расходов (затрат) | M2: 1 | N2: Передача+Сбыт | O2: Без дифференциации | P2: первичное раскрытие информации | Q2: без дифференциации | R2: организации-перепродавцы | S2: надземная (наземная) | T2: 50 - 250 мм | U2: не превышает 0,1 Гкал/ч | V2: 1 | X2: 111 | AA2: Тариф на холодную воду питьевую | AB2: Тариф на холодную воду питьевую | AC2: Плата за услуги по поддержанию резервной тепловой мощности при отсутствии потребления тепловой энергии для отдельных категорий (групп) социально значимых потребителей | AD2: Плата за услуги по поддержанию резервной тепловой мощности при отсутствии потребления тепловой энергии для отдельных категорий (групп) социально значимых потребителей | AF2: не превышает 0,1 Гкал/ч | AH2: Вода | AI2: Вода | AK2: Газ природный по регулируемой цене | AM2: Конкурс | AP2: Тариф на горячую воду в закрытой системе горячего водоснабжения (горячее водоснабжение) | AQ2: Тариф на транспортировку горячей воды | AS2: объемы потребления воды абонентами | AU2: 40 мм и менее | AW2: 00 | AX2: 00 | AZ2: Форма 1.0.1 | BA2: Основные параметры раскрываемой информации
A3: Амурская область | B3: 2001 | C3: 2014 | D3: нет | E3: февраль | F3: II квартал | G3: На сайте регулирующего органа | H3: общий с учетом освобождения от уплаты НДС | I3: 2 | J3: Гкал/ч | K3: метод индексации установленных тарифов | L3: метод индексации установленных тарифов | M3: 2 | N3: Передача | O3: Горячая вода | P3: изменения в раскрытой ранее информации | Q3: к коллектору источника тепловой энергии | R3: бюджетные организации | S3: подземная (канальная) | T3: 251 - 400 мм | U3: более 0,1 Гкал/ч и не превышает 1,5 Гкал/ч | V3: 2 | X3: Тариф на транспортировку горячей воды | Y3: Форма 2.2 Информация о величинах тарифов на питьевую воду (питьевое водоснабжение), техническую воду, транспортировку воды, подвоз воды1 | AA3: Тариф на холодную воду артезианскую | AB3: Тариф на холодную воду артезианскую | AC3: Плата за услуги по поддержанию резервной тепловой мощности, оказываемые регулируемой организацией, мощность источников тепловой энергии которой используется для поддержания резервной мощности в соответствии со схемой теплоснабжения | AD3: Плата за услуги по поддержанию резервной тепловой мощности, оказываемые регулируемой организацией, мощность источников тепловой энергии которой используется для поддержания резервной мощности в соответствии со схемой теплоснабжения | AF3: более 0,1 Гкал/ч и не превышает 1,5 Гкал/ч | AH3: Отборный пар, 1,2-2,5 кг/см2 | AI3: Пар | AK3: Газ природный по нерегулируемой цене | AM3: Аукцион | AP3: Тариф на транспортировку горячей воды | AQ3: Тариф на подключение к централизованной системе горячего водоснабжения | AS3: соответствие качества питьевой воды и горячей воды требованиям, установленным санитарными нормами и правилами | AU3: от 41 мм до 70 мм включительно | AW3: 01 | AX3: 01 | AZ3: Форма 1.10 | BA3: Информация о способах приобретения, стоимости и объемах товаров, необходимых для производства регулируемых товаров и (или) оказания регулируемых услуг регулируемой организацией
A4: Архангельская область | B4: 2002 | C4: 2015 | E4: март | F4: III квартал | H4: специальный (упрощенная система налогообложения, система налогообложения для сельскохозяйственных производителей) | I4: 3 | J4: куб.м/ч | K4: метод обеспечения доходности инвестированного капитала | L4: метод обеспечения доходности инвестированного капитала | M4: 3 | N4: производство комбинированная выработка | O4: Холодная вода | Q4: к тепловой сети без дополнительного преобразования на тепловых пунктах, эксплуатируемых теплоснабжающей организацией | R4: население и приравненные категории | S4: подземная (бесканальная) | T4: 401 - 550 мм | U4: превышает 1,5 Гкал/ч при наличии технической возможности подключения | V4: 3 | X4: 222 | AA4: Тариф на холодную воду поверхностную | AB4: Тариф на холодную воду поверхностную | AC4: Плата за услуги по поддержанию резервной тепловой мощности, оказываемые регулируемой организацией, мощность тепловых сетей которой используется для поддержания резервной мощности в соответствии со схемой теплоснабжения | AD4: Плата за услуги по поддержанию резервной тепловой мощности, оказываемые регулируемой организацией, мощность тепловых сетей которой используется для поддержания резервной мощности в соответствии со схемой теплоснабжения | AF4: превышает 1,5 Гкал/ч при наличии технической возможности подключения | AH4: Отборный пар, 2,5-7 кг/см2 | AK4: Уголь | AM4: Аукцион в электронной форме | AP4: Тариф на подключение к централизованной системе горячего водоснабжения | AQ4: Тариф на подключение к централизованной системе горячего водоснабжения (инд) | AS4: иное | AU4: от 71 мм до 100 мм включительно | AW4: 02 | AX4: 02 | AZ4: Форма 1.11.1 | BA4: Информация о предложении об установлении тарифов в сфере горячего водоснабжения на очередной период регулирования
A5: Астраханская область | B5: 2003 | C5: 2016 | E5: апрель | F5: IV квартал | I5: 4 | K5: метод сравнения аналогов | L5: метод сравнения аналогов | M5: 4 | N5: производство (некомбинированная выработка)+передача+сбыт | O5: Вода | Q5: к тепловой сети после тепловых пунктов (на тепловых пунктах), эксплуатируемых теплоснабжающей организацией | R5: прочие | T5: 551 - 700 мм | U5: превышает 1,5 Гкал/ч при отсутствии технической возможности подключения | V5: 4 | X5: 333 | Z5: 1 | AA5: Добавить вариант … | AB5: Добавить вариант … | AF5: не известна | AH5: Отборный пар, 7-13 кг/см2 | AK5: Мазут | AM5: Запрос котировок | AP5: Тариф на подключение к централизованной системе горячего водоснабжения (инд) | AU5: от 101 мм до 150 мм включительно | AW5: 03 | AX5: 03 | AZ5: Форма 1.11.2 | BA5: Информация о предложении величин тарифов на горячую воду, транспортировку воды
A6: Белгородская область | B6: 2004 | C6: 2017 | E6: май | G6: НДС общий /kind_of_NDS_tariff/ | H6: НДС /kind_of_NDS_tariff/ | I6: 5 | J6: Вид тарифа на передачу тепловой энергии /kind_of_tariff_unit/ | N6: производство (некомбинированная выработка)+передача | O6: Пар | R6: без дифференциации | T6: 701 мм и выше | U6: не известна | V6: 5 | X6: Тариф на горячую воду в закрытой системе горячего водоснабжения (горячее водоснабжение) | Y6: Форма 2.2 Информация о величинах тарифов на питьевую воду (питьевое водоснабжение), техническую воду, транспортировку воды, подвоз воды1 | AH6: Отборный пар, > 13 кг/см2 | AK6: Дизельное топливо | AM6: Единственный поставщик | AU6: от 151 мм до 200 мм включительно | AW6: 04 | AX6: 04 | AZ6: Форма 1.11.3 | BA6: Информация о предложении величин тарифов на подключение к централизованной системе горячего водоснабжения
A7: Брянская область | B7: 2005 | E7: июнь | G7: тариф указан с НДС для плательщиков НДС | H7: тариф для организаций не являющихся плательщиками НДС | I7: 6 | J7: руб./Гкал/ч/мес | N7: производство (некомбинированная выработка)+сбыт | O7: Отборный пар, 1,2-2,5 кг/см2 | U7: нет | V7: 6 | X7: 66666 | AH7: Острый и редуцированный пар | AK7: Дрова | AM7: Иное | AU7: от 201 мм до 250 мм включительно | AW7: 05 | AX7: 05
A8: Владимирская область | B8: 2006 | E8: июль | G8: тариф указан без НДС для плательщиков НДС | H8: тариф не утверждался | I8: 7 | J8: руб./Гкал | N8: производство (некомбинированная выработка) | O8: Отборный пар, 2,5-7 кг/см2 | V8: 7 | X8: 77777 | AK8: Электроэнергия | AU8: от 250 мм и более | AW8: 06 | AX8: 06
A9: Волгоградская область | B9: 2007 | E9: август | G9: тариф не утверждался | I9: 8 | O9: Отборный пар, 7-13 кг/см2 | V9: 8 | X9: 8888 | Z9: 1 | AK9: Прочее | AW9: 07 | AX9: 07
A10: Вологодская область | B10: 2008 | E10: сентябрь | I10: 9 | O10: Отборный пар, > 13 кг/см2 | V10: 9 | X10: Тариф на подключение к централизованной системе горячего водоснабжения (инд) | Y10: Форма 2.3 Информация о величинах тарифов на подключение к централизованной системе горячего водоснабжения1 | AW10: 08 | AX10: 08
A11: Воронежская область | B11: 2009 | E11: октябрь | I11: 10 | O11: Острый и редуцированный пар | V11: 10 | X11: Тариф на подключение к централизованной системе горячего водоснабжения | Y11: Форма 2.3 Информация о величинах тарифов на подключение к централизованной системе горячего водоснабжения1 | AW11: 09 | AX11: 09
A12: г.Байконур | B12: 2010 | E12: ноябрь | G12: НДС общий люди /kind_of_NDS_tariff_people/ | H12: НДС /kind_of_NDS_tariff_people/ | I12: 11 | O12: Горячая вода в системе централизованного теплоснабжения на отопление | AW12: 10 | AX12: 10
A13: г. Москва | B13: 2011 | E13: декабрь | G13: тариф с НДС организаций-плательщиков НДС | H13: тариф организаций не являющихся плательщиками НДС | I13: 12 | O13: Прочее | AW13: 11 | AX13: 11
A14: г.Санкт-Петербург | B14: 2012 | G14: тариф не утверждался | H14: тариф не утверждался | I14: 13 | N14: Вид деятельности /kind_of_activity/ | AW14: 12 | AX14: 12
A15: г.Севастополь | B15: 2013 | I15: 14 | N15: производство тепловой энергии (мощности) в режиме комбинированной выработки электрической и тепловой энергии источниками тепловой энергии с установленной генерирующей мощностью производства электрической энергии 25 МВт и более | AW15: 13 | AX15: 13
A16: Еврейская автономная область | B16: 2014 | I16: 15 | N16: производство тепловой энергии (мощности) в режиме комбинированной выработки электрической и тепловой энергии источниками тепловой энергии с установленной генерирующей мощностью производства электрической энергии менее 25 МВт | AW16: 14 | AX16: 14
A17: Забайкальский край | B17: 2015 | I17: 16 | N17: производство тепловой энергии (мощности) не в режиме комбинированной выработки электрической и тепловой энергии источниками тепловой энергии | AW17: 15 | AX17: 15
A18: Ивановская область | B18: 2016 | I18: 17 | N18: производство теплоносителя | AW18: 16 | AX18: 16
A19: Иркутская область | B19: 2017 | I19: 18 | N19: передача тепловой энергии и теплоносителя | AW19: 17 | AX19: 17
A20: Кабардино-Балкарская республика | B20: 2018 | I20: 19 | N20: сбыт тепловой энергии и теплоносителя | AW20: 18 | AX20: 18
A21: Калининградская область | B21: 2019 | I21: 20 | N21: подключение к системе теплоснабжения | AW21: 19 | AX21: 19
A22: Калужская область | B22: 2020 | N22: поддержание резервной тепловой мощности при отсутствии потребления тепловой энергии | AW22: 20 | AX22: 20
A23: Камчатский край | B23: 2021 | AW23: 21 | AX23: 21
A24: Карачаево-Черкесская республика | B24: 2022 | AW24: 22 | AX24: 22
A25: Кемеровская область | B25: 2023 | AW25: 23 | AX25: 23
A26: Кировская область | B26: 2024 | AX26: 24
A27: Костромская область | B27: 2025 | AX27: 25
A28: Краснодарский край | H28: Текущая дата | AX28: 26
A29: Красноярский край | D29: Организация | E29: =IF(periodStart = "","", periodStart) -> 01.01.2019 | F29: =IF(periodEnd = "","", periodEnd) -> 31.12.2023 | H29: 25.04.2020 22:04:06 | AX29: 27
A30: Курганская область | AX30: 28
A31: Курская область | AX31: 29
A32: Ленинградская область | D32: Виды деятельности | H32: https://appsrv.regportal-tariff.ru/procwsxls/ | AX32: 30
A33: Липецкая область | AX33: 31
A34: Магаданская область | AX34: 32
A35: Московская область | AX35: 33
A36: Мурманская область | AX36: 34
A37: Ненецкий автономный округ | AX37: 35
A38: Нижегородская область | AX38: 36
A39: Новгородская область | AX39: 37
A40: Новосибирская область | AX40: 38
A41: Омская область | AX41: 39
A42: Оренбургская область | AX42: 40
A43: Орловская область | AX43: 41
A44: Пензенская область | AX44: 42
... A61: Республика Северная Осетия-Алания | AX61: 59
A62: Республика Татарстан
A63: Республика Тыва
A64: Республика Хакасия
A65: Ростовская область
A66: Рязанская область
A67: Самарская область
A68: Саратовская область
A69: Сахалинская область
A70: Свердловская область
A71: Смоленская область
A72: Ставропольский край
A73: Тамбовская область
... A87: Ярославская область

Sheet modListTempFilter

Sheet modCheckCyan
A1: =IF('Форма 1.10'!$F$10="",1,0) -> 0
A2: =IF('Форма 1.10'!$G$10="",1,0) -> 0
A3: =IF('Форма 1.10'!$F$11="",1,0) -> 0
A4: =IF('Форма 1.10'!$G$11="",1,0) -> 0
A5: =IF('Форма 1.10'!$F$12="",1,0) -> 0
A6: =IF('Форма 1.10'!$G$12="",1,0) -> 0
A7: =IF('Форма 1.10'!$F$13="",1,0) -> 0
A8: =IF('Форма 1.10'!$G$13="",1,0) -> 0
A9: =IF('Форма 1.11.1'!$J$15="",1,0) -> 0
A10: =IF('Форма 1.11.1'!$H$17="",1,0) -> 0
A11: =IF('Форма 1.11.1'!$I$17="",1,0) -> 0
A12: =IF('Форма 1.11.1'!$J$17="",1,0) -> 0
A13: =IF('Форма 1.11.1'!$H$22="",1,0) -> 0
A14: =IF('Форма 1.11.1'!$I$22="",1,0) -> 0
A15: =IF('Форма 1.11.1'!$J$22="",1,0) -> 0
A16: =IF('Форма 1.11.1'!$H$27="",1,0) -> 0
A17: =IF('Форма 1.11.1'!$I$27="",1,0) -> 0
A18: =IF('Форма 1.11.1'!$J$27="",1,0) -> 0
A19: =IF('Форма 1.11.1'!$H$30="",1,0) -> 0
A20: =IF('Форма 1.11.1'!$I$30="",1,0) -> 0
A21: =IF('Форма 1.11.1'!$J$30="",1,0) -> 0
A22: =IF('Форма 1.11.1'!$H$33="",1,0) -> 0
A23: =IF('Форма 1.11.1'!$I$33="",1,0) -> 0
A24: =IF('Форма 1.11.1'!$J$33="",1,0) -> 0
A25: =IF('Форма 1.11.2 | Т-транс'!$O$22="",1,0) -> 1
A26: =IF('Форма 1.11.2 | Т-транс'!$R$23="",1,0) -> 1
A27: =IF('Форма 1.11.2 | Т-транс'!$T$23="",1,0) -> 1
A28: =IF('Форма 1.11.2 | Т-транс'!$S$23="",1,0) -> 0
A29: =IF('Форма 1.11.2 | Т-транс'!$U$23="",1,0) -> 0
A30: =IF('Форма 1.11.2 | Т-гор.вода'!$O$22="",1,0) -> 0
A31: =IF('Форма 1.11.2 | Т-гор.вода'!$Y$23="",1,0) -> 0
A32: =IF('Форма 1.11.2 | Т-гор.вода'!$AA$23="",1,0) -> 0
A33: =IF('Форма 1.11.2 | Т-гор.вода'!$Z$23="",1,0) -> 0
A34: =IF('Форма 1.11.2 | Т-гор.вода'!$AB$23="",1,0) -> 0
A35: =IF('Форма 1.11.3 | Т-подкл(инд)'!$M$22="",1,0) -> 1
A36: =IF('Форма 1.11.3 | Т-подкл(инд)'!$Q$22="",1,0) -> 1
A37: =IF('Форма 1.11.3 | Т-подкл(инд)'!$AD$22="",1,0) -> 1
A38: =IF('Форма 1.11.3 | Т-подкл(инд)'!$AE$22="",1,0) -> 1
A39: =IF('Форма 1.11.3 | Т-подкл(инд)'!$AF$22="",1,0) -> 1
A40: =IF('Форма 1.11.3 | Т-подкл(инд)'!$AG$22="",1,0) -> 1
A41: =IF('Форма 1.11.3 | Т-подкл(инд)'!$AH$22="",1,0) -> 1
A42: =IF('Форма 1.11.3 | Т-подкл(инд)'!$AJ$22="",1,0) -> 1
A43: =IF('Форма 1.11.3 | Т-подкл(инд)'!$N$22="",1,0) -> 0
A44: =IF('Форма 1.11.3 | Т-подкл(инд)'!$R$22="",1,0) -> 0
A45: =IF('Форма 1.11.3 | Т-подкл(инд)'!$V$22="",1,0) -> 0
A46: =IF('Форма 1.11.3 | Т-подкл(инд)'!$Z$22="",1,0) -> 0
A47: =IF('Форма 1.11.3 | Т-подкл(инд)'!$AI$22="",1,0) -> 0
A48: =IF('Форма 1.11.3 | Т-подкл(инд)'!$AK$22="",1,0) -> 0
A49: =IF('Форма 1.11.3 | Т-подкл'!$P$22="",1,0) -> 1
A50: =IF('Форма 1.11.3 | Т-подкл'!$AC$22="",1,0) -> 1
A51: =IF('Форма 1.11.3 | Т-подкл'!$AD$22="",1,0) -> 1
A52: =IF('Форма 1.11.3 | Т-подкл'!$AE$22="",1,0) -> 1
A53: =IF('Форма 1.11.3 | Т-подкл'!$AF$22="",1,0) -> 1
A54: =IF('Форма 1.11.3 | Т-подкл'!$AG$22="",1,0) -> 1
A55: =IF('Форма 1.11.3 | Т-подкл'!$AI$22="",1,0) -> 1
A56: =IF('Форма 1.11.3 | Т-подкл'!$Q$22="",1,0) -> 0
A57: =IF('Форма 1.11.3 | Т-подкл'!$U$22="",1,0) -> 0
A58: =IF('Форма 1.11.3 | Т-подкл'!$Y$22="",1,0) -> 0
A59: =IF('Форма 1.11.3 | Т-подкл'!$AH$22="",1,0) -> 0
A60: =IF('Форма 1.11.3 | Т-подкл'!$AJ$22="",1,0) -> 0
A61: =IF('Форма 1.0.2'!$E$12="",1,0) -> 1
A62: =IF('Форма 1.0.2'!$F$12="",1,0) -> 1
A63: =IF('Форма 1.0.2'!$G$12="",1,0) -> 1
A64: =IF('Форма 1.0.2'!$H$12="",1,0) -> 1
A65: =IF('Форма 1.0.2'!$I$12="",1,0) -> 1
A66: =IF('Форма 1.0.2'!$J$12="",1,0) -> 1
A67: =IF('Сведения об изменении'!$E$12="",1,0) -> 0
A68: =IF(Территории!$E$12="",1,0) -> 0
A69: =IF('Перечень тарифов'!$E$21="",1,0) -> 0
A70: =IF('Перечень тарифов'!$F$21="",1,0) -> 0
A71: =IF('Перечень тарифов'!$K$21="",1,0) -> 0
A72: =IF('Перечень тарифов'!$O$21="",1,0) -> 0
A73: =IF('Перечень тарифов'!$G$21="",1,0) -> 0
A74: =IF('Перечень тарифов'!$G$11="",1,0) -> 0
A75: =IF('Форма 1.11.1'!$K$20="",1,0) -> 0
A76: =IF('Форма 1.11.1'!$H$23="",1,0) -> 0
A77: =IF('Форма 1.11.1'!$I$23="",1,0) -> 0
A78: =IF('Форма 1.11.1'!$J$23="",1,0) -> 0
A79: =IF('Форма 1.11.1'!$H$24="",1,0) -> 0
A80: =IF('Форма 1.11.1'!$I$24="",1,0) -> 0
A81: =IF('Форма 1.11.1'!$J$24="",1,0) -> 0
A82: =IF('Форма 1.11.2 | Т-гор.вода'!$V$23="",1,0) -> 0
A83: =IF('Форма 1.11.2 | Т-гор.вода'!$W$23="",1,0) -> 0
A84: =IF('Форма 1.11.2 | Т-гор.вода'!$U$23="",1,0) -> 0
A85: =IF('Форма 1.11.2 | Т-гор.вода'!$AI$23="",1,0) -> 0
A86: =IF('Форма 1.11.2 | Т-гор.вода'!$AJ$23="",1,0) -> 0
A87: =IF('Форма 1.11.2 | Т-гор.вода'!$AK$23="",1,0) -> 0
A88: =IF('Форма 1.11.2 | Т-гор.вода'!$AM$23="",1,0) -> 0
A89: =IF('Форма 1.11.2 | Т-гор.вода'!$AO$23="",1,0) -> 0
A90: =IF('Форма 1.11.2 | Т-гор.вода'!$AN$23="",1,0) -> 0
A91: =IF('Форма 1.11.2 | Т-гор.вода'!$AP$23="",1,0) -> 0
A92: =IF('Форма 1.11.2 | Т-гор.вода'!$AW$23="",1,0) -> 0
A93: =IF('Форма 1.11.2 | Т-гор.вода'!$AX$23="",1,0) -> 0
A94: =IF('Форма 1.11.2 | Т-гор.вода'!$AY$23="",1,0) -> 0
A95: =IF('Форма 1.11.2 | Т-гор.вода'!$BA$23="",1,0) -> 0
A96: =IF('Форма 1.11.2 | Т-гор.вода'!$BC$23="",1,0) -> 0
A97: =IF('Форма 1.11.2 | Т-гор.вода'!$BB$23="",1,0) -> 0
A98: =IF('Форма 1.11.2 | Т-гор.вода'!$BD$23="",1,0) -> 0
A99: =IF('Форма 1.11.2 | Т-гор.вода'!$BK$23="",1,0) -> 0
A100: =IF('Форма 1.11.2 | Т-гор.вода'!$BL$23="",1,0) -> 0
...

Sheet REESTR_LINK
A1: ID | B1: LINK_NAME | C1: REGION
A2: 4189678 | B2: https://portal.eias.ru/Portal/DownloadPage.aspx?type=12&guid=????????-????-????-????-???????????? | C2: ALL
A3: 4190415 | B3: https://eias.fstrf.ru/disclo/get_file?p_guid=????????-????-????-????-???????????? | C3: ALL

Sheet REESTR_DS
B3: город Нижний Новгород, город Нижний Новгород (22701000);
B4: территория 2
B5: территория 3
B6: территория 4

Sheet modHTTP

Sheet modfrmRezimChoose

Sheet modSheetMain
A1: Форма | B1: Листы

Sheet REESTR_VT
A1: ID_TARIFF_NAME | B1: TARIFF_NAME
A2: 4213767 | B2: Тариф на горячую воду в закрытой системе горячего водоснабжения (горячее водоснабжение)
A3: 4213768 | B3: Тариф на транспортировку горячей воды
A4: 4213769 | B4: Тариф на подключение к централизованной системе горячего водоснабжения
A5: 4213770 | B5: Тариф на подключение к централизованной системе горячего водоснабжения (инд)

Sheet REESTR_VED
A1: ID_TARIFF_NAME | B1: VED_NAME
A2: 4189706 | B2: Горячее водоснабжение
A3: 4189705 | B3: Транспортировка
A4: 4189707 | B4: Подключение (технологическое присоединение) к централизованной системе горячего водоснабжения

Sheet modfrmReestrObj

Sheet AllSheetsInThisWorkbook
A1: Расчетные листы | B1: Скрытые листы
A2: Instruction | B2: modList14_1
A3: modUpdTemplLogger | B3: modProv
A4: List00 | B4: TSH_et_union_hor
A5: List01 | B5: TEHSHEET
A6: List02 | B6: modListTempFilter
A7: List05_11 | B7: modCheckCyan
A8: List13 | B8: REESTR_LINK
A9: List14_1 | B9: REESTR_DS
A10: List05_2 | B10: modHTTP
A11: List06_2 | B11: modfrmRezimChoose
A12: List05_5 | B12: modSheetMain
... A21: ListCheck | B21: modfrmReestr
B22: modUpdTemplMain
B23: TSH_REESTR_ORG
B24: modClassifierValidate
B25: modHyp
B26: modServiceModule
B27: modList00
B28: modList01
B29: modList02
B30: modList03
B31: modList13
B32: TSH_REESTR_MO_FILTER
B33: TSH_REESTR_MO
... B42: modfrmCheckUpdates

Sheet et_union_vert

Sheet modInstruction

Sheet modRegion

Sheet modReestr

Sheet modfrmReestr

Sheet modUpdTemplMain

Sheet REESTR_ORG
A1: № | B1: REGION_ID | C1: REGION_NAME | D1: RST_ORG_ID | E1: ORG_NAME | F1: INN_NAME | G1: KPP_NAME | H1: ORG_START_DATE | I1: ORG_END_DATE
A2: 1 | B2: 2634 | C2: Нижегородская область | D2: 26358279 | E2: АО "АПЗ" | F2: 5243001742 | G2: 524301001 | J2: HOT_VS
A3: 2 | B3: 2634 | C3: Нижегородская область | D3: 26373616 | E3: АО "ВМЗ" | F3: 5247004695 | G3: 524701001 | J3: HOT_VS
A4: 3 | B4: 2634 | C4: Нижегородская область | D4: 26358390 | E4: АО "ВОЛГАЭНЕРГОСБЫТ" | F4: 5256062171 | G4: 525601001 | J4: HOT_VS
A5: 4 | B5: 2634 | C5: Нижегородская область | D5: 28543854 | E5: АО "ВРК - 3" - Вагонное ремонтное депо Шахунья | F5: 7708737500 | G5: 523945001 | J5: HOT_VS
A6: 5 | B6: 2634 | C6: Нижегородская область | D6: 31314742 | E6: АО "ВЫКСАТЕПЛОЭНЕРГО" | F6: 5247055114 | G6: 524701001 | J6: HOT_VS
A7: 6 | B7: 2634 | C7: Нижегородская область | D7: 26373593 | E7: АО "Волга" | F7: 5244009279 | G7: 524401001 | J7: HOT_VS
A8: 7 | B8: 2634 | C8: Нижегородская область | D8: 30335229 | E8: АО "ГУ ЖКХ" | F8: 5116000922 | G8: 770401001 | J8: HOT_VS
A9: 8 | B9: 2634 | C9: Нижегородская область | D9: 26358272 | E9: АО "ДРСП" | F9: 5239006515 | G9: 523901001 | J9: HOT_VS
A10: 9 | B10: 2634 | C10: Нижегородская область | D10: 31258691 | E10: АО "ЖКХ "КАЛИКИНСКОЕ" | F10: 5246038236 | G10: 524601001 | J10: HOT_VS
A11: 10 | B11: 2634 | C11: Нижегородская область | D11: 26358276 | E11: АО "КОММАШ" | F11: 5243000523 | G11: 524301001 | J11: HOT_VS
A12: 11 | B12: 2634 | C12: Нижегородская область | D12: 26358168 | E12: АО "Лысковокоммунсервис" | F12: 5222000321 | G12: 522201001 | H12: 09-12-2004 00:00:00 | J12: HOT_VS
A13: 12 | B13: 2634 | C13: Нижегородская область | D13: 26504840 | E13: АО "МСК Энерго" | F13: 5018054863 | G13: 501801001 | J13: HOT_VS
A14: 13 | B14: 2634 | C14: Нижегородская область | D14: 26358270 | E14: АО "Молоко" | F14: 5239001108 | G14: 523901001 | J14: HOT_VS
A15: 14 | B15: 2634 | C15: Нижегородская область | D15: 30844713 | E15: АО "НЗ 70-ЛЕТИЯ ПОБЕДЫ" | F15: 5259113339 | G15: 525901001 | J15: HOT_VS
A16: 15 | B16: 2634 | C16: Нижегородская область | D16: 26358422 | E16: АО "НКС" | F16: 5259039100 | G16: 526001001 | J16: HOT_VS
A17: 16 | B17: 2634 | C17: Нижегородская область | D17: 31023931 | E17: АО "НОКК" (Балахнинский филиал) | F17: 5260267654 | G17: 524443001 | J17: HOT_VS
A18: 17 | B18: 2634 | C18: Нижегородская область | D18: 27566839 | E18: АО "НОКК" (Богородский филиал) | F18: 5260267654 | G18: 524543001 | J18: HOT_VS
A19: 18 | B19: 2634 | C19: Нижегородская область | D19: 27968016 | E19: АО "НОКК" (Семеновский филиал) | F19: 5260267654 | G19: 522845001 | J19: HOT_VS
A20: 19 | B20: 2634 | C20: Нижегородская область | D20: 31171901 | E20: АО "НОКК" (Сеченовский филиал) | F20: 5260267654 | G20: 523043001 | J20: HOT_VS
A21: 20 | B21: 2634 | C21: Нижегородская область | D21: 28007548 | E21: АО "НОКК" (Шахунский филиал) | F21: 5260267654 | G21: 523943001 | J21: HOT_VS
A22: 21 | B22: 2634 | C22: Нижегородская область | D22: 26322331 | E22: АО "СИБУР-НЕФТЕХИМ" | F22: 5249051203 | G22: 525350001 | J22: HOT_VS
A23: 22 | B23: 2634 | C23: Нижегородская область | D23: 26555361 | E23: АО "СТСК" | F23: 5254082630 | G23: 525401001 | J23: HOT_VS
A24: 23 | B24: 2634 | C24: Нижегородская область | D24: 26358408 | E24: АО "Теплоэнерго" | F24: 5257087027 | G24: 525701001 | J24: HOT_VS
A25: 24 | B25: 2634 | C25: Нижегородская область | D25: 27585148 | E25: АО "ЭСК" | F25: 5262054490 | G25: 525601001 | H25: 07-09-2009 00:00:00 | J25: HOT_VS
A26: 25 | B26: 2634 | C26: Нижегородская область | D26: 26322043 | E26: АО "Энергосервис" | F26: 7709571825 | G26: 770301001 | J26: HOT_VS
A27: 26 | B27: 2634 | C27: Нижегородская область | D27: 28943557 | E27: Арзамасский участок АО "НОКК" | F27: 5260267654 | G27: 524345001 | J27: HOT_VS
A28: 27 | B28: 2634 | C28: Нижегородская область | D28: 26358190 | E28: ГБПОУ "ПЕРЕВОЗСКИЙ СТРОИТЕЛЬНЫЙ КОЛЛЕДЖ" | F28: 5225001122 | G28: 522501001 | J28: HOT_VS
A29: 28 | B29: 2634 | C29: Нижегородская область | D29: 31036531 | E29: ГБУ "Автозаводский детский дом - интернат" | F29: 5256026159 | G29: 525601001 | J29: HOT_VS
A30: 29 | B30: 2634 | C30: Нижегородская область | D30: 26358119 | E30: ГБУ "Решетихинский ПНИ" | F30: 5214003022 | G30: 521401001 | J30: HOT_VS
A31: 30 | B31: 2634 | C31: Нижегородская область | D31: 26358243 | E31: ГБУ СРЦИ "КРАСНЫЙ ЯР" | F31: 5235001940 | G31: 523501001 | J31: HOT_VS
A32: 31 | B32: 2634 | C32: Нижегородская область | D32: 26358271 | E32: ГОУ СПО "Шахунский агропромышленный техникум" | F32: 5239002285 | G32: 523901001 | J32: HOT_VS
A33: 32 | B33: 2634 | C33: Нижегородская область | D33: 26808802 | E33: Горьковская дирекция по тепловодоснабжению структурное подразделение Центральной дирекции по тепловодоснабжению - филиала ОАО "РЖД" | F33: 7708503727 | G33: 525745041 | J33: HOT_VS
A34: 33 | B34: 2634 | C34: Нижегородская область | D34: 26358286 | E34: ИП Маслов С.Б. | F34: 524400080068 | G34: отсутствует | J34: HOT_VS
A35: 34 | B35: 2634 | C35: Нижегородская область | D35: 26358255 | E35: КУЗНЕЦОВСКОЕ МУП ЖКХ | F35: 5236002390 | G35: 523601001 | J35: HOT_VS
A36: 35 | B36: 2634 | C36: Нижегородская область | D36: 26373451 | E36: МП "ЖКХ "Сухоносовское" | F36: 5218005045 | G36: 521801001 | J36: HOT_VS
A37: 36 | B37: 2634 | C37: Нижегородская область | D37: 28942141 | E37: МП "Жилкомсервис" | F37: 5223034940 | G37: 522301001 | J37: HOT_VS
... A54: 53 | B54: 2634 | C54: Нижегородская область | D54: 28871911 | E54: МУП "КОММУНАЛЬЩИК" | F54: 5225006709 | G54: 522501001 | J54: HOT_VS
A55: 54 | B55: 2634 | C55: Нижегородская область | D55: 30872197 | E55: МУП "КОММУНРЕСУРС КРАСНОБАКОВСКОГО РАЙОНА" | F55: 5219383900 | G55: 521901001 | H55: 02-08-2016 00:00:00 | J55: HOT_VS
A56: 55 | B56: 2634 | C56: Нижегородская область | D56: 26373421 | E56: МУП "Коммунсервис" | F56: 5214000230 | G56: 521401001 | J56: HOT_VS
A57: 56 | B57: 2634 | C57: Нижегородская область | D57: 26358284 | E57: МУП "Комфорт" | F57: 5243016724 | G57: 524301001 | J57: HOT_VS
A58: 57 | B58: 2634 | C58: Нижегородская область | D58: 28827589 | E58: МУП "Кочергино" | F58: 5244025619 | G58: 524401001 | J58: HOT_VS
A59: 58 | B59: 2634 | C59: Нижегородская область | D59: 31158286 | E59: МУП "Лысковокоммунсервис" | F59: 5222071587 | G59: 522201001 | J59: HOT_VS
A60: 59 | B60: 2634 | C60: Нижегородская область | D60: 28872216 | E60: МУП "МАЛОЕ КОЗИНО" | F60: 5244028031 | G60: 524401001 | J60: HOT_VS
A61: 60 | B61: 2634 | C61: Нижегородская область | D61: 26652814 | E61: МУП "МП "ТЕПЛОЭНЕРГО" МО "БМР НО" | F61: 5244022262 | G61: 524401001 | J61: HOT_VS
A62: 61 | B62: 2634 | C62: Нижегородская область | D62: 27808573 | E62: МУП "Новосмолинское" | F62: 5214010679 | G62: 521401001 | J62: HOT_VS
A63: 62 | B63: 2634 | C63: Нижегородская область | D63: 26373539 | E63: МУП "Сеченовское ЖКХ" | F63: 5230000050 | G63: 523001001 | J63: HOT_VS
A64: 63 | B64: 2634 | C64: Нижегородская область | D64: 27773931 | E64: МУП "Сява - Теплосервис" | F64: 5239010374 | G64: 523901001 | J64: HOT_VS
A65: 64 | B65: 2634 | C65: Нижегородская область | D65: 26373630 | E65: МУП "ТВК" г. Заволжья | F65: 5248016372 | G65: 524801001 | J65: HOT_VS
A66: 65 | B66: 2634 | C66: Нижегородская область | D66: 31348885 | E66: МУП "ТРУД" | F66: 5201002409 | G66: 520101001 | J66: HOT_VS
A67: 66 | B67: 2634 | C67: Нижегородская область | D67: 26358322 | E67: МУП "Тепловые сети" | F67: 5248011350 | G67: 524801001 | J67: HOT_VS
... A70: 69 | B70: 2634 | C70: Нижегородская область | D70: 26358221 | E70: МУП "Теплоэнергия-1" | F70: 5231004851 | G70: 523101001 | J70: HOT_VS
A71: 70 | B71: 2634 | C71: Нижегородская область | D71: 30438261 | E71: МУП "Теплоэнергия-2" | F71: 5231006538 | G71: 523101001 | H71: 03-03-2016 00:00:00 | J71: HOT_VS
A72: 71 | B72: 2634 | C72: Нижегородская область | D72: 26555847 | E72: МУП "Теплоэнергосервис" | F72: 5251008438 | G72: 525101001 | J72: HOT_VS
A73: 72 | B73: 2634 | C73: Нижегородская область | D73: 26373388 | E73: МУП "Управляющая компания" | F73: 5204001114 | G73: 520401001 | J73: HOT_VS
A74: 73 | B74: 2634 | C74: Нижегородская область | D74: 28053496 | E74: МУП "ШОКС" | F74: 5239010688 | G74: 523901001 | J74: HOT_VS
A75: 74 | B75: 2634 | C75: Нижегородская область | D75: 26373587 | E75: МУП "Шахуньяводоканал" | F75: 5239008791 | G75: 523901001 | J75: HOT_VS
A76: 75 | B76: 2634 | C76: Нижегородская область | D76: 26358381 | E76: МУП Единый поставщик | F76: 5252019432 | G76: 525201001 | J76: HOT_VS
A77: 76 | B77: 2634 | C77: Нижегородская область | D77: 26373427 | E77: МУП ЖКХ "Жилсервис" Володарского района | F77: 5214007997 | G77: 521401001 | H77: 10-06-2003 00:00:00 | J77: HOT_VS
A78: 77 | B78: 2634 | C78: Нижегородская область | D78: 26358120 | E78: МУП ЖКХ "Ильиногорское" | F78: 5214005012 | G78: 521401001 | J78: HOT_VS
A79: 78 | B79: 2634 | C79: Нижегородская область | D79: 26358310 | E79: МУП ЖКХ "КАЛИКИНСКОЕ" | F79: 5246014281 | G79: 524601001 | J79: HOT_VS
A80: 79 | B80: 2634 | C80: Нижегородская область | D80: 26358474 | E80: ННГУ | F80: 5262004442 | G80: 526201001 | J80: HOT_VS
A81: 80 | B81: 2634 | C81: Нижегородская область | D81: 26358109 | E81: ОАО "Вознесенские коммунальные системы" | F81: 5210189915 | G81: 521001001 | J81: HOT_VS
A82: 81 | B82: 2634 | C82: Нижегородская область | D82: 26358421 | E82: ОАО "ЗТО "Камея" | F82: 5259010887 | G82: 525901001 | J82: HOT_VS
A83: 82 | B83: 2634 | C83: Нижегородская область | D83: 28110427 | E83: ОАО "Инженерный центр" | F83: 5263042850 | G83: 526301001 | J83: HOT_VS
A84: 83 | B84: 2634 | C84: Нижегородская область | D84: 27635910 | E84: ОАО "МК "Нижегородский" | F84: 5261005806 | G84: 526101001 | J84: HOT_VS
A85: 84 | B85: 2634 | C85: Нижегородская область | D85: 26358361 | E85: ОАО "Павловский завод им.Кирова" | F85: 5252000382 | G85: 525201001 | J85: HOT_VS
A86: 85 | B86: 2634 | C86: Нижегородская область | D86: 26557559 | E86: ОАО "Перспектива" | F86: 5216000027 | G86: 521601001 | J86: HOT_VS
A87: 86 | B87: 2634 | C87: Нижегородская область | D87: 26648877 | E87: ОАО "РЖД" (Дирекция по тепловодоснабжению) | F87: 7708503727 | G87: 997650010 | J87: HOT_VS
A88: 87 | B88: 2634 | C88: Нижегородская область | D88: 26358278 | E88: ОАО "Рикор-Электроникс" | F88: 5243001622 | G88: 524301001 | J88: HOT_VS
A89: 88 | B89: 2634 | C89: Нижегородская область | D89: 27054261 | E89: ОАО "ТГК-6" | F89: 5257072937 | G89: 526001001 | J89: HOT_VS
... A102: 101 | B102: 2634 | C102: Нижегородская область | D102: 31187851 | E102: ООО "ВОЛГАРЕСУРС" | F102: 5244031394 | G102: 524401001 | J102: HOT_VS
A103: 102 | B103: 2634 | C103: Нижегородская область | D103: 31110429 | E103: ООО "Виктория" | F103: 5257002249 | G103: 525701001 | H103: 05-12-2002 00:00:00 | J103: HOT_VS
A104: 103 | B104: 2634 | C104: Нижегородская область | D104: 27909040 | E104: ООО "Вознесенский теплосервис" | F104: 5210000359 | G104: 521001001 | J104: HOT_VS
A105: 104 | B105: 2634 | C105: Нижегородская область | D105: 26357017 | E105: ООО "Волгоэлектросеть-НН" | F105: 5246041687 | G105: 524601001 | J105: HOT_VS
A106: 105 | B106: 2634 | C106: Нижегородская область | D106: 27866190 | E106: ООО "Генерация тепла" | F106: 5258103070 | G106: 525801001 | J106: HOT_VS
A107: 106 | B107: 2634 | C107: Нижегородская область | D107: 28502351 | E107: ООО "Гефест" | F107: 5239010310 | G107: 523901001 | J107: HOT_VS
A108: 107 | B108: 2634 | C108: Нижегородская область | D108: 26556543 | E108: ООО "ГремячевТепло" | F108: 5260262455 | G108: 526001001 | J108: HOT_VS
A109: 108 | B109: 2634 | C109: Нижегородская область | D109: 30854354 | E109: ООО "ДЕМЕТРА" | F109: 5260235420 | G109: 526001001 | J109: HOT_VS
A110: 109 | B110: 2634 | C110: Нижегородская область | D110: 28265659 | E110: ООО "Дзержинсктеплогаз" | F110: 5249123377 | G110: 524901001 | J110: HOT_VS
A111: 110 | B111: 2634 | C111: Нижегородская область | D111: 28091842 | E111: ООО "ЖКС" | F111: 5223034676 | G111: 522301001 | J111: HOT_VS
A112: 111 | B112: 2634 | C112: Нижегородская область | D112: 26562570 | E112: ООО "Заводские сети" | F112: 5256049340 | G112: 525350001 | J112: HOT_VS
A113: 112 | B113: 2634 | C113: Нижегородская область | D113: 31306641 | E113: ООО "ИНЖЕНЕРНЫЙ ЦЕНТР" | F113: 5246053330 | G113: 524601001 | H113: 03-04-2019 00:00:00 | J113: HOT_VS
A114: 113 | B114: 2634 | C114: Нижегородская область | D114: 28460903 | E114: ООО "ИТ" | F114: 5246043596 | G114: 524601001 | J114: HOT_VS
A115: 114 | B115: 2634 | C115: Нижегородская область | D115: 28821602 | E115: ООО "Интер" | F115: 5250060280 | G115: 525001001 | J115: HOT_VS
A116: 115 | B116: 2634 | C116: Нижегородская область | D116: 31061810 | E116: ООО "КАПИТАЛ-МЕНЕДЖМЕНТ" | F116: 5258135717 | G116: 525801001 | J116: HOT_VS
A117: 116 | B117: 2634 | C117: Нижегородская область | D117: 30854345 | E117: ООО "КОММУНАЛЬЩИК-НН" | F117: 5245027023 | G117: 524501001 | H117: 19-10-2015 00:00:00 | J117: HOT_VS
A118: 117 | B118: 2634 | C118: Нижегородская область | D118: 26358102 | E118: ООО "КомСервис" | F118: 5208005141 | G118: 520801001 | J118: HOT_VS
A119: 118 | B119: 2634 | C119: Нижегородская область | D119: 27566780 | E119: ООО "Коммунальщик" | F119: 5245017794 | G119: 524501001 | J119: HOT_VS
A120: 119 | B120: 2634 | C120: Нижегородская область | D120: 28457679 | E120: ООО "Мухтоловское ЖКХ" | F120: 5201000264 | G120: 520101001 | H120: 03-07-2012 00:00:00 | J120: HOT_VS
A121: 120 | B121: 2634 | C121: Нижегородская область | D121: 26555644 | E121: ООО "НЗ "СТАРТ" | F121: 5262154550 | G121: 526201001 | H121: 23-08-2006 00:00:00 | J121: HOT_VS
A122: 121 | B122: 2634 | C122: Нижегородская область | D122: 26358430 | E122: ООО "НПК "Скрудж" | F122: 5260029385 | G122: 526001001 | J122: HOT_VS
A123: 122 | B123: 2634 | C123: Нижегородская область | D123: 31212674 | E123: ООО "НТЦ" | F123: 5223035415 | G123: 522301001 | H123: 05-09-2018 00:00:00 | J123: HOT_VS
A124: 123 | B124: 2634 | C124: Нижегородская область | D124: 27577409 | E124: ООО "Навашинская Тепло-Энергетическая компания" | F124: 5236008144 | G124: 522301001 | J124: HOT_VS
A125: 124 | B125: 2634 | C125: Нижегородская область | D125: 26555147 | E125: ООО "Нижегородтеплогаз" | F125: 5262068407 | G125: 526001001 | J125: HOT_VS
A126: 125 | B126: 2634 | C126: Нижегородская область | D126: 26551993 | E126: ООО "Нижновтеплоэнерго" | F126: 5257079570 | G126: 526001001 | J126: HOT_VS
A127: 126 | B127: 2634 | C127: Нижегородская область | D127: 28942293 | E127: ООО "ОКАТЕПЛОСЕРВИС" | F127: 5214011802 | G127: 521401001 | J127: HOT_VS
A128: 127 | B128: 2634 | C128: Нижегородская область | D128: 31340582 | E128: ООО "ОРК" | F128: 5259120135 | G128: 525901001 | J128: HOT_VS
A129: 128 | B129: 2634 | C129: Нижегородская область | D129: 26358482 | E129: ООО "ПКП "Энергетика" | F129: 5262073742 | G129: 526201001 | J129: HOT_VS
A130: 129 | B130: 2634 | C130: Нижегородская область | D130: 31394997 | E130: ООО "ПРОМЭНЕРГО ЛУКИНО" | F130: 5244032285 | G130: 524401001 | J130: HOT_VS
...

Sheet modClassifierValidate

Sheet modHyp

Sheet modServiceModule

Sheet modList00

Sheet modList01

Sheet modList02

Sheet modList03

Sheet modList13

Sheet REESTR_MO_FILTER

Sheet REESTR_MO
A1: № | B1: МР | C1: МО | D1: МО_ОКТМО
A2: 1 | B2: Ардатовский муниципальный район | C2: Ардатовский муниципальный район | D2: 22602000
A3: 2 | B3: Ардатовский муниципальный район | C3: Кужендеевский сельсовет | D3: 22602424
A4: 3 | B4: Ардатовский муниципальный район | C4: Личадеевский сельсовет | D4: 22602428
A5: 4 | B5: Ардатовский муниципальный район | C5: Михеевский сельсовет | D5: 22602432
A6: 5 | B6: Ардатовский муниципальный район | C6: Рабочий поселок Ардатов | D6: 22602151
A7: 6 | B7: Ардатовский муниципальный район | C7: Рабочий поселок Мухтолово | D7: 22602155
A8: 7 | B8: Ардатовский муниципальный район | C8: Саконский сельсовет | D8: 22602436
A9: 8 | B9: Ардатовский муниципальный район | C9: Стексовский сельсовет | D9: 22602440
A10: 9 | B10: Ардатовский муниципальный район | C10: Хрипуновский сельсовет | D10: 22602444
A11: 10 | B11: Арзамасский муниципальный район | C11: Абрамовский сельсовет | D11: 22603404
A12: 11 | B12: Арзамасский муниципальный район | C12: Арзамасский муниципальный район | D12: 22603000
A13: 12 | B13: Арзамасский муниципальный район | C13: Балахонихинский сельсовет | D13: 22603408
... A370: 369 | B370: город Шахунья | C370: город Шахунья | D370: 22758000

Sheet modInfo
B1: Титульный
B2: Для выбора того или иного источника публикации выполните двойной щелчок по синей ячейке напротив соответствующего источника. ВНИМАНИЕ! Если Вы снимаете галочку с пункта, то будут скрыты и очищены соответствующие строки на листе "Форма 1.0.2"! Опубликование перечисленных в шаблоне показателей на сайте организации в сети Интернет и в печатных изданиях не обязательно, если данный шаблон предоставлен по системе ЕИАС (региональный сегмент).
B3: Обязательное опубликование на официальном сайте органа исполнительной власти субъекта Российской Федерации в области государственного регулирования цен (тарифов), и (или) на официальном сайте органа местного самоуправления поселения или городского округа в случае их наделения в соответствии с законом субъекта Российской Федерации полномочиями по государственному регулированию цен (тарифов)предусмотрено пунктом 3 (а) постановления Правительства №6 от 17.01.2013г.
B4: Задайте период регулирования, выбрав даты начала и окончания периода регулирования из календаря (иконка справа от указанной ячейки), либо введите дату непосредственно в ячейку в формате - 'ДД.ММ.ГГГГ'
B5: Шаблон заполняется раздельно по каждому виду тарифа
B6: В зависимости от указанного вида деятельности будут доступны для заполнения поля 'Производство', 'Передача' и 'Сбыт'
B7: Если выбрано 'да', на листах с разбивкой по потребителям доступны для заполнения графы для двухставочного ставочного тарифа по группам потребителей
B8: Если выбрано 'да', значения тарифов для групп потребителей на листах с разбивкой по потребителям заполнятся автоматически значениями первой группы
B9: Если выбрано значение «да» - в шаблоне будет сформирован лист «Форма 1.0.2» для уведомления органа регулирования о публикации информации в печатных изданиях
B10: По умолчанию установлено значение «первичное раскрытие информации» Это означает, что информация раскрывается в соответствии с установленными сроком и периодичностью. В случае, если в уже отправленном шаблоне обнаружена ошибка или произошло изменение информации, исправленный шаблон необходимо отправить с типом отчета «изменения в раскрытой ранее информации».
B11: Укажите является ли данное юридическое лицо подразделением(филиалом) другой организации
B12: Ссылки на публикации
... B32: Территории
A33: 1 | B33: Наименование территории действия тарифа для целей идентификации
A34: 2 | B34: Муниципальные районы и муниципальные образования, на территории которых действует тариф
B35: Инструкция
B36: Нет доступных обновлений, версия отчёта актуальна

Sheet modList05

Sheet modList06

Sheet modList07

Sheet modfrmDateChoose

Sheet modComm

Sheet modThisWorkbook

Sheet modfrmReestrMR

Sheet modfrmCheckUpdates
